Workbook
Name DisbenefitList: #REF!

Sheet GHG Inventory
J1: Sectors Covered | Q1: Gases Covered
A2: PCAP Title | B2: PCAP Link | C2: Technical Document Title | D2: Technical Document Link | E2: Lead Organization | F2: State | G2: GHG Inventory Tool(s) Used | H2: Most Recent Inventory Year | I2: GWP Used | J2: Electricity | K2: Commercial and Residential Buildings | L2: Industry | M2: Transportation | N2: Waste and materials management | O2: Agriculture | P2: Natural and Working Lands | Q2: CO2 | R2: CH4 | S2: N2O | T2: SF6 | U2: NF3 | V2: PFCs | W2: HFCs
A3: Louisiana Climate Action Plan | B3: https://doa.louisiana.gov/media/y2xdrb22/louisiana-priority-climate-action-plan.pdf | E3: Louisiana Division of Administration | F3: Louisiana | G3: EPA SIT | H3: 2021 | I3: Unspecified | J3: X | K3: X | L3: X | M3: X | N3: X | O3: X | P3: X | Q3: X | R3: X | S3: X | T3: X | U3: X | V3: X | W3: X
A4: Tennessee Volunteer Emissions Reduction Strategy | B4: https://www.epa.gov/system/files/documents/2024-02/tn-pcap.pdf | E4: Tennessee Department of Environment and Conservation | F4: Tennessee | G4: EPA SIT | H4: 2019 | I4: AR5 | J4: X | K4: X | L4: X | M4: X | N4: X | O4: X | P4: X | Q4: X | R4: X | S4: X | T4: X | U4: X | V4: X | W4: X
A5: Missouri Plan for Environmental Improvement Grants | B5: https://www.epa.gov/system/files/documents/2024-02/missouri-plan-for-environmental-improvement-grants.pdf | E5: Missouri Department of Natural Resources | F5: Missouri | G5: EPA GHG Inventory | H5: 2021 | I5: Unspecified | J5: X | K5: X | L5: X | M5: X | O5: X | Q5: X | R5: X | S5: X | T5: X | U5: X | V5: X | W5: X
A6: Climate Pollution Reduction Grant Priority Climate Action Plan | B6: https://www.epa.gov/system/files/documents/2024-02/vermont-cprg-priority-climate-action-plan.pdf | C6: Vermont Greenhouse Gas Emissions Inventory and Forecast Methodologies | D6: https://outside.vermont.gov/agency/anr/climatecouncil/Shared%20Documents/_Methodology_Vermont_Greenhouse_Gas_Emissions_Inventory_1990-2020_Final.pdf | E6: Vermont Agency of Natural Resources, Department of Environmental Conservation | F6: Vermont | G6: EPA SIT; EPA GHG Inventory | H6: 2020 | I6: AR4 | J6: X | K6: X | L6: X | M6: X | N6: X | O6: X | P6: X | Q6: X | R6: X | S6: X | T6: X | U6: X | V6: X | W6: X
A7: Oregon's Priority Climate Action Plan | B7: https://www.epa.gov/system/files/documents/2024-02/oregon-cprg-pcap.pdf | E7: Oregon Department of Environmental Quality | F7: Oregon | G7: EPA SIT | H7: 2021 | I7: AR5 with feedbacks | J7: X | K7: X | L7: X | M7: X | O7: X | Q7: X | R7: X | S7: X | W7: X
A8: Kansas Emission Reduction and Mitigation Plan | B8: https://www.epa.gov/system/files/documents/2024-02/kansas-pcap.pdf | E8: Kansas Department of Health and Environment | F8: Kansas | G8: EPA GHG Inventory | H8: 2021 | I8: AR5 | J8: X | K8: X | L8: X | M8: X | N8: X | O8: X | P8: X | Q8: X | R8: X | S8: X | T8: X | U8: X | V8: X | W8: X
A9: Priority Climate Action Plan (PCAP) | B9: https://www.epa.gov/system/files/documents/2024-02/washington-cprg-pcap.pdf | C9: Washington State Greenhouse Gas Emissions Inventory: 1990–2019 | D9: https://apps.ecology.wa.gov/publications/documents/2202054.pdf | E9: Washington State Department of Commerce | F9: Washington | G9: EPA SIT | H9: 2019 | I9: AR4 | J9: X | K9: X | L9: X | M9: X | N9: X | O9: X | P9: X | Q9: X | R9: X | S9: X | T9: X | U9: X | V9: X | W9: X
A10: State of Alaska Priority Sustainable Energy Action Plan | B10: https://www.epa.gov/system/files/documents/2024-03/ak-priority-sustainable-energy-plan.pdf | E10: Alaska Department of Environmental Management | F10: Alaska | G10: EPA FLIGHT; EPA MOVES | H10: 2022 | I10: AR4 | J10: X | K10: X | L10: X | M10: X | N10: X | Q10: X | R10: X | S10: X
A11: Massachusetts Priority Climate Action Plan | B11: https://www.epa.gov/system/files/documents/2024-03/massachusetts-pcap.pdf | E11: Massachusetts Department of Transportation | F11: Massachusetts | G11: Custom-built tool | H11: 2020 | I11: AR4 | J11: X | K11: X | L11: X | M11: X | N11: X | O11: X | P11: X | Q11: X | R11: X | S11: X | T11: X | U11: X | V11: X | W11: X
A12: EPA Climate Pollution Reduction Grant Planning Grant First Deliverable: A Priority Climate Action Plan | B12: https://www.epa.gov/system/files/documents/2024-03/connecticut-state-pcap.pdf | E12: Department of Energy and Environmental Protection State of Connecticut | F12: Connecticut | G12: EPA GHG Inventory; EPA SIT; EPA MOVES | H12: 2021 | I12: Unspecified | J12: X | K12: X | L12: X | M12: X | N12: X | O12: X | Q12: X | R12: X | S12: X | T12: X | U12: X | V12: X | W12: X
A13: Michigan Department of Environment, Great Lakes, and Energy | B13: https://www.epa.gov/system/files/documents/2024-03/michigan-egle-pcap.pdf | E13: Michigan Department of Environment, Great Lakes, and Energy | F13: Michigan | G13: EPA SIT | H13: 2019 | I13: AR5 | J13: X | K13: X | L13: X | M13: X | Q13: X | R13: X | S13: X | T13: X | U13: X | V13: X | W13: X
A14: Priority Climate Action Plan | B14: https://www.epa.gov/system/files/documents/2024-03/new-mexico-priority-climate-action-plan.pdf | C14: Appendix K.1 Inventory and Quantification Methodology | D14: https://www.env.nm.gov/wp-content/uploads/sites/39/2024/03/NM-PCAP-Appendix-K.1-Inventory-and-Quantification-Methodology.pdf | E14: New Mexico Environment Department and the Energy, Minerals and Natural Resources Department | F14: New Mexico | G14: EPA GHG Inventory; EPA SIT; EPA GHGRP | H14: 2021 | I14: Unspecified | J14: X | K14: X | L14: X | M14: X | N14: X | O14: X | P14: X | Q14: X | R14: X | S14: X | T14: X | U14: X | V14: X | W14: X
A15: Priority Climate Action Plan | B15: https://www.epa.gov/system/files/documents/2024-03/rhode-island-pcap.pdf | C15: CPRG State of Rhode Island Quality Assurance Project Plan | D15: https://dem.ri.gov/data-maps/data.php#quapps | E15: Rhode Island Department of Environmental Management | F15: Rhode Island | G15: EPA GHG Inventory; EPA SIT; EPA GHGRP; EPA MOVES | H15: 2020 | I15: AR5 | J15: X | K15: X | L15: X | M15: X | N15: X | O15: X | P15: X | Q15: X | R15: X | S15: X | T15: X | U15: X | V15: X | W15: X
A16: New Jersey's Priority Climate Action Plan | B16: https://www.epa.gov/system/files/documents/2024-03/nj-pcap.pdf | E16: New Jersey Department of Environmental Protection | F16: New Jersey | G16: EPA MOVES; EPA SIT | H16: 2021 | I16: AR5 | J16: X | K16: X | L16: X | M16: X | N16: X | O16: X | P16: X | Q16: X | R16: X | S16: X | T16: X | W16: X
A17: State of New Hampshire Priority Climate Action Plan | B17: https://www.epa.gov/system/files/documents/2024-03/state-of-new-hampshire-priority-climate-action-plan.pdf | E17: New Hampshire Department of Environmental Services | F17: New Hampshire | G17: EPA SIT | H17: 2020 | I17: AR5 | J17: X | K17: X | L17: X | M17: X | N17: X | O17: X | Q17: X | R17: X | S17: X | T17: X | U17: X | V17: X | W17: X
A18: Arkansas Energy and Environment Innovation Plan Priority Action Plan | B18: https://www.epa.gov/system/files/documents/2024-03/5d-02f35201-pcap-arkansas-eei-plan.pdf | E18: Arkansas Department of Energy and Environment | F18: Arkansas | G18: EPA GHG Inventory | H18: 2021 | I18: Unspecified | J18: X | K18: X | L18: X | M18: X | N18: X | O18: X | P18: X | Q18: X | R18: X | S18: X | T18: X | U18: X | V18: X | W18: X
A19: Colorado Priority Climate Action Plan | B19: https://www.epa.gov/system/files/documents/2024-03/colorado-pcap.pdf | E19: Colorado Energy Office | F19: Colorado | G19: EPA SIT; EPA GHG Inventory | H19: 2020 | I19: Unspecified | J19: X | K19: X | L19: X | M19: X | N19: X | O19: X | P19: X | Q19: X | R19: X | S19: X | T19: X | V19: X | W19: X
A20: Climate Pollution Reduction Grants Program Priority Climate Action Plan for New York State | B20: https://www.epa.gov/system/files/documents/2024-03/nys-cprg-pcap.pdf | E20: New York State Department of Environmental Conservation | F20: New York | G20: NY Open Data Portal | H20: 2021 | I20: Unspecified | J20: X | K20: X | L20: X | M20: X | N20: X | O20: X | Q20: X | R20: X | S20: X | T20: X | U20: X | V20: X | W20: X
A21: State of Maine Priority Climate Action Plan | B21: https://www.epa.gov/system/files/documents/2024-03/maine-pcap.pdf | E21: Governor’s Office of Policy Innovation and the Future | F21: Maine | G21: EPA GHG Inventory; EPA SIT | H21: 2021 | I21: Unspecified | J21: X | K21: X | L21: X | M21: X | N21: X | O21: X | P21: X | Q21: X | R21: X | S21: X | T21: X | U21: X | V21: X | W21: X
A22: Indiana Priority Climate Action Plan | B22: https://www.epa.gov/system/files/documents/2024-03/indiana-priority-climate-action-plan.pdf | E22: Indiana Department of Environmental Management | F22: Indiana | G22: EPA GHG Inventory | H22: 2021 | I22: AR4 | J22: X | K22: X | L22: X | N22: X | O22: X | P22: X | Q22: X | R22: X | S22: X | T22: X | V22: X | W22: X
A23: Hawai'i Priority Climate Action Plan | B23: Hawai‘i Priority Climate Action Plan (epa.gov) | E23: Hawai'i Department of Land and Natural Resources | F23: Hawaii | G23: Custom-built tool | H23: 2019 | I23: AR4 | J23: X | K23: X | L23: X | M23: X | N23: X | O23: X | P23: X | Q23: X | R23: X | S23: X | T23: X | V23: X | W23: X
A24: Priority Climate Action Plan Climate pollution reduction grants | B24: https://www.epa.gov/system/files/documents/2024-03/state-of-minnesota-mpca-pcap.pdf | E24: Minnesota Pollution Control Agency | F24: Minnesota | G24: EPA GHG Inventory | H24: 2020 | I24: AR4 | J24: X | K24: X | L24: X | M24: X | N24: X | O24: X | P24: X | Q24: X | R24: X | S24: X | T24: X | V24: X | W24: X
A25: State of Illinois Priority Climate Action Plan | B25: https://www.epa.gov/system/files/documents/2024-03/illinois-priority-climate-action-plan.pdf | C25: Illinois Additional Appendices | D25: https://www.epa.gov/system/files/other-files/2024-04/illinois-additional-appendices.zip | E25: Illinois Environmental Protection Agency | F25: Illinois | G25: EPA SIT | H25: 2021 | I25: AR5 | J25: X | K25: X | L25: X | M25: X | N25: X | O25: X | P25: X | Q25: X | R25: X | S25: X | T25: X | U25: X | V25: X | W25: X
A26: North Carolina Priority Climate Action Plan | B26: https://www.epa.gov/system/files/documents/2024-03/final-ncdeq-pcap-report.pdf | E26: North Carolina Department of Environmental Quality | F26: North Carolina | G26: EPA SIT; EPA MOVES | H26: 2020 | I26: AR5 | J26: X | K26: X | L26: X | M26: X | N26: X | O26: X | P26: X | Q26: X | R26: X | S26: X | T26: X | U26: X | V26: X | W26: X
A27: Utah Division of Air Quality | B27: https://www.epa.gov/system/files/documents/2024-03/utah-final-priority-plan.pdf | E27: Utah Department of Environmental Quality | F27: Utah | G27: EPA SIT | H27: 2020 | I27: AR5 | J27: X | K27: X | L27: X | M27: X | N27: X | O27: X | P27: X | Q27: X | R27: X | S27: X | T27: X | U27: X | V27: X | W27: X
A28: Alabama Priority Climate Action Plan | B28: https://www.epa.gov/system/files/documents/2024-03/alabama-pcap.pdf | E28: Alabama Department of Environmental Management | F28: Alabama | G28: EPA GHG Inventory; EPA SIT | H28: 2021 | I28: Unspecified | J28: X | K28: X | L28: X | M28: X | N28: X | O28: X | P28: X | Q28: X | R28: X | S28: X | T28: X | U28: X | V28: X | W28: X
A29: Delaware Climate Pollution Reduction Plan | B29: https://www.epa.gov/system/files/documents/2024-03/dnrec-cprp.pdf | E29: Delaware Department of Natural Resources and Environmental Control | F29: Delaware | G29: EPA SIT; EPA PT | H29: 2020 | I29: AR5 | J29: X | K29: X | L29: X | M29: X | N29: X | O29: X | P29: X | Q29: X | R29: X | S29: X | T29: X | U29: X | V29: X | W29: X
A30: Mississippi Department of Environmental Quality Priority Climate Action Plan | B30: https://www.epa.gov/system/files/documents/2024-03/ms-pcap.pdf | E30: Mississippi Department of Environmental Quality | F30: Mississippi | G30: EPA SIT | H30: 2020 | I30: Unspecified | J30: X | K30: X | L30: X | M30: X | N30: X | O30: X | P30: X | Q30: X | R30: X | S30: X | T30: X | U30: X | V30: X | W30: X
A31: Oklahoma's Priority Action Plan | B31: https://www.epa.gov/system/files/documents/2024-03/oklahoma-cprg-priority-action-plan.pdf | E31: Oklahoma Department of Environmental Quality | F31: Oklahoma | G31: EPA GHG Inventory; EPA SIT | H31: 2019 | I31: Unspecified | J31: X | K31: X | L31: X | M31: X | O31: X | P31: X | Q31: X | R31: X | S31: X | T31: X | U31: X | V31: X | W31: X
A32: West Virginia Priority Energy Action Plan | B32: https://www.epa.gov/system/files/documents/2024-03/wv-priority-energy-action-plan.pdf | E32: West Virginia Office of Energy | F32: West Virginia | G32: EPA GHG Inventory; EPA SIT | H32: 2021 | I32: AR5 | J32: X | K32: X | L32: X | M32: X | P32: X | Q32: X | R32: X | S32: X | T32: X | U32: X | V32: X | W32: X
A33: Priority Climate Action Plan State of Maryland | B33: https://www.epa.gov/system/files/documents/2024-03/mde-state-of-maryland-cprg-priority-climate-action-plan.pdf | E33: Maryland Department of the Environment | F33: Maryland | G33: Unspecified | H33: 2020 | I33: Unspecified | J33: X | K33: X | L33: X | M33: X | N33: X | O33: X | P33: X | Q33: X | R33: X | S33: X | T33: X | V33: X | W33: X
A34: Puerto Rico Priority Climate Action Plan | B34: https://www.epa.gov/system/files/documents/2024-03/puerto-rico-pcap.pdf | E34: Puerto Rico Department of Natural and Environmental Resources | F34: Puerto Rico | G34: Unspecified | H34: 2021 | I34: AR6 | J34: X | L34: X | M34: X | N34: X | O34: X | P34: X | Q34: X | R34: X | S34: X | T34: X | V34: X | W34: X
A35: The Clean Arizona Plan Priority Climate Action Plan State of Arizona | B35: https://www.epa.gov/system/files/documents/2024-03/the-clean-arizona-plan.pdf | E35: The Executive Office of the State of Arizona | F35: Arizona | G35: EPA GHG Inventory; EPA GHGRP; EPA FLIGHT; EPA NEI | H35: 2021 | I35: AR5 | J35: X | K35: X | L35: X | M35: X | N35: X | O35: X | P35: X | Q35: X | R35: X | S35: X | T35: X | U35: X | V35: X | W35: X
A36: Ohio Priority Resilience Plan | B36: https://www.epa.gov/system/files/documents/2024-03/state-of-ohio-prp.pdf | E36: Ohio Environmental Protection Agency | F36: Ohio | G36: EPA GHG Inventory; EPA SIT | H36: 2019 | I36: Multiple | J36: X | K36: X | L36: X | M36: X | N36: X | O36: X | P36: X | Q36: X | R36: X | S36: X | T36: X | U36: X | V36: X | W36: X
A37: Commonwealth of Virginia Priority Climate Action Plan | B37: https://www.epa.gov/system/files/documents/2024-03/commonwealth-of-virginia-priority-climate-action-plan.pdf | E37: Virginia Department of Environmental Quality | F37: Virginia | G37: EPA SIT | H37: 2020 | I37: AR4 | J37: X | K37: X | L37: X | M37: X | N37: X | O37: X | P37: X
A38: District of Columbia Priority Climate Action Plan | B38: https://www.epa.gov/system/files/documents/2024-03/dc-cprg-pcap.pdf | E38: District of Columbia Government Department of Energy and Environment | F38: District of Columbia | G38: ICLEI ClearPath | H38: 2020 | I38: AR5 | K38: X | M38: X | N38: X
A39: Montana Climate Pollution Reduction Priorities | B39: https://www.epa.gov/system/files/documents/2024-03/montana-pollution-reduction-plan.pdf | E39: Montana Department of Environmental Quality | F39: Montana | G39: EPA SIT | H39: 2019 | I39: Unspecified | J39: X | K39: X | L39: X | M39: X | N39: X | O39: X | P39: X | Q39: X | R39: X | S39: X | T39: X | U39: X | V39: X | W39: X
A40: The State of California's Draft Priority Climate Action Plan | B40: https://www.epa.gov/system/files/documents/2024-03/california-cprg-priority-climate-action-plan.pdf | E40: California Air and Resources Board (CARB); California Environmental Protection Agency (CalEPA) | F40: California | G40: Custom-built tool | H40: 2021 | I40: AR4 | J40: X | K40: X | L40: X | M40: X | N40: X | O40: X | P40: X | Q40: X | R40: X | S40: X | T40: X | U40: X | V40: X | W40: X
A41: South Carolina Priority Climate Action Plan | B41: https://www.epa.gov/system/files/documents/2024-03/sc-pcap.pdf | E41: South Carolina Department of Health and Environmental Control; South Carolina Office of Resilience | F41: South Carolina | G41: EPA SIT | H41: 2020 | I41: Unspecified | J41: X | K41: X | L41: X | M41: X | N41: X | O41: X | P41: X | Q41: X | R41: X | S41: X | T41: X | U41: X | V41: X | W41: X
A42: Pennsylvania's Priority Climate Action Plan | B42: https://www.epa.gov/system/files/documents/2024-03/7200-re-dep5710-pa-priority-climate-action-plan.pdf | E42: Pennsylvania Department of Environmental Protection | F42: Pennsylvania | G42: EPA GHG Inventory; EPA SIT | H42: 2020 | I42: AR5 | J42: X | K42: X | L42: X | M42: X | N42: X | O42: X | P42: X | Q42: X | R42: X | S42: X | T42: X | U42: X | V42: X | W42: X
A43: Gem State Air Quality Initiative Priority Plan | B43: https://www.epa.gov/system/files/documents/2024-03/idaho-priority-plan-for-gem-state-air-quality-initative.pdf | E43: State of Idaho Department of Environmental Quality | F43: Idaho | G43: EPA GHG Inventory; EPA SIT | H43: 2021 | I43: AR5 | J43: X | K43: X | M43: X | N43: X | O43: X | P43: X | Q43: X | R43: X | S43: X | T43: X | U43: X | V43: X | W43: X
A44: North Dakota Priority Action Plan | B44: https://www.epa.gov/system/files/documents/2024-03/nddeq-pcap-report.pdf | E44: North Dakota Department of Environmental Quality | F44: North Dakota | G44: EPA GHG Inventory; EPA SIT | H44: 2019 | I44: Unspecified | J44: X | K44: X | L44: X | M44: X | N44: X | O44: X | P44: X | Q44: X | R44: X | S44: X | T44: X | U44: X | V44: X | W44: X
A45: State of Nevada Priority Climate Action Plan | B45: https://www.epa.gov/system/files/documents/2024-03/state-of-nevada-priority-climate-action-plan.pdf | C45: Nevada Statewide Greenhouse Gas Emissions Inventory and Projections, 1990-2043 | D45: https://ndep.nv.gov/uploads/air-pollutants-docs/ghg_report_2023.pdf | E45: Nevada Division of Environmental Protection | F45: Nevada | G45: EPA SIT | H45: 2021 | I45: AR5 | J45: X | K45: X | L45: X | M45: X | N45: X | O45: X | P45: X | Q45: X | R45: X | S45: X | T45: X | U45: X | V45: X | W45: X
A46: Wisconsin Emissions Reduction Roadmap | B46: https://www.epa.gov/system/files/documents/2024-03/wi-emission-reduction-roadmap.pdf | E46: Wisconsin Department of Administration Office of Sustainability and Clean Energy | F46: Wisconsin | G46: EPA SIT; EPA FLIGHT | H46: 2018 | I46: Unspecified | J46: X | K46: X | L46: X | M46: X | N46: X | O46: X | P46: X | Q46: X | R46: X | S46: X | T46: X | U46: X | V46: X | W46: X
A47: Climate Pollution Reduction Grants Priority Action Plan for the State of Texas | B47: https://www.epa.gov/system/files/documents/2024-03/texas-pcap.pdf | E47: Texas Commission on Environmental Quality | F47: Texas | G47: EPA SIT | H47: 2021 | I47: AR5 | J47: X | K47: X | L47: X | M47: X | O47: X | P47: X | Q47: X | R47: X | S47: X | T47: X | U47: X | V47: X | W47: X
A48: Nebraska Priority Climate Action Plan | B48: https://www.epa.gov/system/files/documents/2024-03/nebraska-pcap.pdf | E48: Nebraska Department of Environment and Energy | F48: Nebraska | G48: EPA SIT | H48: 2021 | I48: AR5 | J48: X | K48: X | L48: X | M48: X | O48: X | P48: X | Q48: X | R48: X | S48: X | T48: X | U48: X | V48: X | W48: X
A49: Peach State Voluntary Emission Reduction Plan | B49: https://www.epa.gov/system/files/documents/2024-03/georgia_psverp.pdf | E49: Georgia Department of Natural Resources Environmental Protection Division | F49: Georgia | G49: EPA SIT | H49: 2021 | I49: Unspecified | J49: X | K49: X | L49: X | M49: X | O49: X | Q49: X | R49: X | S49: X | T49: X | U49: X | V49: X | W49: X

Sheet GHG Reduction Measures
A1: PCAP Title | B1: PCAP Link | C1: Lead Organization | D1: State | E1: Measure Description | F1: Measure Location | G1: Sector (1) | H1: Sector (2) | I1: Sector (3) | J1: Measure Type (1) | K1: Measure Type (2) | L1: Measure Type (3) | M1: Measure Type (4) | N1: Implementing Authority | O1: GWP Included | P1: GHG Emissions Reductions (MTCO2e) (1) | Q1: GHG Emissions Timeframe (1) | R1: GHG Emissions Reductions (MTCO2e) (2) | S1: GHG Emissions Timeframe (2) | T1: GHG Quantification Tools and Methodologies (1) | U1: GHG Quantification Tools and Methodologies (2) | V1: LIDAC Benefits Analysis Included? | W1: LIDAC Measure? | X1: CAP Analysis Included? | Y1: Criteria Air Pollutant Tools | Z1: Quantitative HAP Analysis Included? | AA1: Hazardous Air Pollutant Tools
A2: Alabama Priority Climate Action Plan | B2: https://www.epa.gov/system/files/documents/2024-03/alabama-pcap.pdf | C2: Alabama Department of Environmental Management | D2: Alabama | E2: Electrify Huntsville's utilities fleets by replacing 14 gas-powered fleet vehicles with 14 Electric fleet vehicles, as well as to install the necessary EV chargers, solar panels and battery storage to each EV charger installation. | F2: PCAP pg. 26-31 | G2: Transportation | H2: Electricity | J2: Electrify government and/or publicly owned vehicle fleets | K2: Develop EV charging infrastructure | L2: Develop energy storage systems | M2: Increase deployment of distributed renewables | N2: Huntsville Utilities | O2: Unspecified | P2: 222.5 | Q2: 2025-2035 | R2: 1620 | S2: 2025-2050 | T2: Emission factor analysis | U2: N/A | V2: Quantitative | W2: No | X2: None | Y2: N/A | Z2: None | AA2: N/A
A3: Alabama Priority Climate Action Plan | B3: https://www.epa.gov/system/files/documents/2024-03/alabama-pcap.pdf | C3: Alabama Department of Environmental Management | D3: Alabama | E3: Electrify University of Alabama at Birmingham's bus fleet and begin transitioning fleet vehicles to electric vehicles. | F3: PCAP pg. 35-36 | G3: Transportation | J3: Electrify municipal buses | K3: Electrify government and/or publicly owned vehicle fleets | N3: University of Alabama at Birmingham | O3: Unspecified | P3: 4913 | Q3: 2025-2035 | R3: 12626 | S3: 2025-2050 | T3: Unspecified | U3: N/A | V3: None | W3: No | X3: None | Y3: N/A | Z3: None | AA3: N/A
A4: Alabama Priority Climate Action Plan | B4: https://www.epa.gov/system/files/documents/2024-03/alabama-pcap.pdf | C4: Alabama Department of Environmental Management | D4: Alabama | E4: Implement two separate temperature reduction technologies, Cold Central Plant Recycling and Warm Mix Technology to reduce emissions from asphalt production. | F4: PCAP pg. 23-26 | G4: Industry | J4: Improve chemical and/or process efficiency | N4: Alabama Department of Transportation | O4: Unspecified | P4: 45170 | Q4: 2025-2030 | R4: 303727 | S4: 2025-2050 | T4: Emission factor analysis | U4: N/A | V4: Qualitative | W4: No | X4: Quantitative | Y4: Unspecified | Z4: None | AA4: N/A
A5: Alabama Priority Climate Action Plan | B5: https://www.epa.gov/system/files/documents/2024-03/alabama-pcap.pdf | C5: Alabama Department of Environmental Management | D5: Alabama | E5: Utilize grid scale batteries of up to 10 MW in nameplate capacity at strategic locations on the Utilities’ distribution grid. | F5: PCAP pg. 31-34 | G5: Electricity | J5: Develop microgrids | K5: Develop energy storage systems | N5: Huntsville Utilities | O5: Unspecified | P5: 35350 | Q5: 2025-2035 | R5: 70699 | S5: 2025-2050 | T5: EPA GHG Equivalencies Calculator | U5: N/A | V5: Qualitative | W5: No | X5: None | Y5: N/A | Z5: None | AA5: N/A
A6: Alabama Priority Climate Action Plan | B6: https://www.epa.gov/system/files/documents/2024-03/alabama-pcap.pdf | C6: Alabama Department of Environmental Management | D6: Alabama | E6: Utilize the newly constructed parking deck on UAB's campus for the construction of a 94kW solar array. | F6: PCAP pg. 37-38 | G6: Electricity | J6: Expand utility-scale renewable energy generation | N6: University of Alabama at Birmingham | O6: Unspecified | P6: 1220 | Q6: 2025-2035 | R6: 3050 | S6: 2025-2050 | T6: Unspecified | U6: N/A | V6: None | W6: No | X6: None | Y6: N/A | Z6: None | AA6: N/A
A7: Alabama Priority Climate Action Plan | B7: https://www.epa.gov/system/files/documents/2024-03/alabama-pcap.pdf | C7: Alabama Department of Environmental Management | D7: Alabama | E7: Facilitate the deployment of electric vehicle charging infrastructure at various employers across the state. | F7: PCAP pg. 63-65 | G7: Transportation | J7: Develop EV charging infrastructure | N7: Alabama Department of Economic and Community Affairs; Group of state or local jurisdictions or counties partnered with a statewide non-profit as implementation partner | O7: Unspecified | P7: 68407 | Q7: 2025-2030 | R7: 273628 | S7: 2030-2050 | T7: Unspecified | U7: N/A | V7: Qualitative | W7: No | X7: None | Y7: N/A | Z7: None | AA7: N/A
A8: Alabama Priority Climate Action Plan | B8: https://www.epa.gov/system/files/documents/2024-03/alabama-pcap.pdf | C8: Alabama Department of Environmental Management | D8: Alabama | E8: Deploy port electrification systems, including shore power for berthed ships and electric charging stations for cruise ships, at the Port of Mobile, the Mobile Cruise Terminal, and inland port facilities across Alabama to improve terminal efficiency and encourage the use of electric powered vessels. | F8: PCAP pg. 65-67 | G8: Transportation | J8: Provide shore power to docked boats | K8: Electrify or increase efficiency of non-road transportation | N8: Alabama Department of Economic and Community Affairs; Local jurisdictions or counties | O8: Unspecified | P8: 15920 | Q8: 2025-2030 | R8: 63680 | S8: 2030-2050 | T8: Unspecified | U8: N/A | V8: Qualitative | W8: No | X8: Quantitative | Y8: Unspecified | Z8: None | AA8: N/A
A9: Alabama Priority Climate Action Plan | B9: https://www.epa.gov/system/files/documents/2024-03/alabama-pcap.pdf | C9: Alabama Department of Environmental Management | D9: Alabama | E9: Incentivize the installation of EV charging infrastructure for publicly available charging and fund the transition of public fleets from fossil fuel-powered vehicles to EVs. | F9: PCAP pg. 67-70 | G9: Transportation | J9: Develop EV charging infrastructure | K9: Electrify government and/or publicly owned vehicle fleets | N9: Alabama Department of Economic and Community Affairs; Local jurisdictions or counties | O9: Unspecified | P9: 68388 | Q9: 2025-2030 | R9: 273552 | S9: 2030-2050 | T9: Unspecified | U9: N/A | V9: Qualitative | W9: No | X9: None | Y9: N/A | Z9: None | AA9: N/A
A10: Alabama Priority Climate Action Plan | B10: https://www.epa.gov/system/files/documents/2024-03/alabama-pcap.pdf | C10: Alabama Department of Environmental Management | D10: Alabama | E10: Upgrade/augment existing operating equipment systems at an existing materials recovery facility to increase recovery and landfill diversion. | F10: PCAP pg. 9-12 | G10: Waste and materials management | J10: Increase recycling | N10: City of Montgomery | O10: Unspecified | P10: 210000 | Q10: 2025-2030 | R10: 1350000 | S10: 2030-2050 | T10: EPA WARM | U10: N/A | V10: Qualitative | W10: No | X10: None | Y10: N/A | Z10: None | AA10: N/A
A11: Alabama Priority Climate Action Plan | B11: https://www.epa.gov/system/files/documents/2024-03/alabama-pcap.pdf | C11: Alabama Department of Environmental Management | D11: Alabama | E11: Enable the targeted recovery of specific polyolefin plastics for advanced, circular recycling of plastics. | F11: PCAP pg. 9-12 | G11: Waste and materials management | J11: Increase recycling | N11: City of Montgomery | O11: Unspecified | P11: 150000 | Q11: 2025-2030 | R11: 850000 | S11: 2030-2050 | T11: EPA WARM | U11: N/A | V11: Qualitative | W11: No | X11: None | Y11: N/A | Z11: None | AA11: N/A
A12: Alabama Priority Climate Action Plan | B12: https://www.epa.gov/system/files/documents/2024-03/alabama-pcap.pdf | C12: Alabama Department of Environmental Management | D12: Alabama | E12: Increase the number of electric vehicles and expand electric vehicle charging infrastructure across the Alabama Community College System. | F12: PCAP pg. 39-41 | G12: Transportation | J12: Electrify government and/or publicly owned vehicle fleets | K12: Develop EV charging infrastructure | N12: Alabama Community College System | O12: Unspecified | P12: 3979 | Q12: 2025-2030 | R12: 22360 | S12: 2025-2050 | T12: Unspecified | U12: N/A | V12: Qualitative | W12: No | X12: None | Y12: N/A | Z12: None | AA12: N/A
A13: Alabama Priority Climate Action Plan | B13: https://www.epa.gov/system/files/documents/2024-03/alabama-pcap.pdf | C13: Alabama Department of Environmental Management | D13: Alabama | E13: Implement a solar microgrid at Bevill State Community College. | F13: PCAP pg. 39-41 | G13: Electricity | J13: Develop microgrids | N13: Alabama Community College System | O13: Unspecified | P13: 686 | Q13: 2025-2030 | R13: 6787 | S13: 2025-2050 | T13: Unspecified | U13: N/A | V13: Qualitative | W13: No | X13: None | Y13: N/A | Z13: None | AA13: N/A
A14: Alabama Priority Climate Action Plan | B14: https://www.epa.gov/system/files/documents/2024-03/alabama-pcap.pdf | C14: Alabama Department of Environmental Management | D14: Alabama | E14: Implement up-to-date building energy codes, and improve energy efficiency of Alabama Community College System buildings by installing energy-efficient heating and cooling equipment, lighting, and other building products. | F14: PCAP pg. 39-50 | G14: Commercial and residential buildings | J14: Install more efficient heating or cooling equipment | K14: Leverage building codes | L14: Improve municipal building efficiency | M14: Improve appliance energy efficiency | N14: Alabama Community College System | O14: Unspecified | P14: 2996 | Q14: 2025-2030 | R14: 16996 | S14: 2025-2050 | T14: Unspecified | U14: N/A | V14: Qualitative | W14: No | X14: None | Y14: N/A | Z14: None | AA14: N/A
A15: Alabama Priority Climate Action Plan | B15: https://www.epa.gov/system/files/documents/2024-03/alabama-pcap.pdf | C15: Alabama Department of Environmental Management | D15: Alabama | E15: Implement carbon capture and sequestration in the forest products industry. | F15: PCAP pg. 57-59 | G15: Industry | J15: Deploy carbon capture and/or sequestration technology | N15: Alabama Forestry Commission | O15: Unspecified | P15: 12300000 | Q15: 2025-2035 | R15: 43800000 | S15: 2025-2050 | T15: Unspecified | U15: N/A | V15: None | W15: No | X15: None | Y15: N/A | Z15: None | AA15: N/A
A16: Alabama Priority Climate Action Plan | B16: https://www.epa.gov/system/files/documents/2024-03/alabama-pcap.pdf | C16: Alabama Department of Environmental Management | D16: Alabama | E16: Create incentive programs for implementation of end-use energy efficiency measures in commercial and industrial buildings | F16: PCAP pg. 59-60, Appendix E pg 1-9 | G16: Commercial and residential buildings | H16: Industry | J16: Install more efficient heating or cooling equipment | N16: Tennessee Valley Authority | O16: Unspecified | P16: 1200000 | Q16: 2025-2030 | R16: 12500000 | S16: 2025-2050 | T16: EPA GLIMPSE | U16: Emission factor analysis | V16: Qualitative | W16: No | X16: Quantitative | Y16: GLIMPSE | Z16: None | AA16: N/A
A17: Alabama Priority Climate Action Plan | B17: https://www.epa.gov/system/files/documents/2024-03/alabama-pcap.pdf | C17: Alabama Department of Environmental Management | D17: Alabama | E17: Create incentive programs for the purchase of certified energy-efficient lighting in commercial and industrial buildings, as well as streetlights | F17: PCAP pg. 59-60, Appendix E pg 1-9 | G17: Commercial and residential buildings | J17: Improve appliance energy efficiency | K17: Install LED Streetlights | N17: Tennessee Valley Authority | O17: Unspecified | P17: 200000 | Q17: 2025-2030 | R17: 4600000 | S17: 2025-2050 | T17: EPA GLIMPSE | U17: Emission factor analysis | V17: Qualitative | W17: No | X17: Quantitative | Y17: GLIMPSE | Z17: None | AA17: N/A
A18: Alabama Priority Climate Action Plan | B18: https://www.epa.gov/system/files/documents/2024-03/alabama-pcap.pdf | C18: Alabama Department of Environmental Management | D18: Alabama | E18: Create incentive programs for the purchase of certified energy-efficient building products to replace inefficient products in residential buildings | F18: PCAP pg. 59-60, Appendix E pg 1-9 | G18: Commercial and residential buildings | J18: Install more efficient heating or cooling equipment | N18: Tennessee Valley Authority | O18: Unspecified | P18: 1200000 | Q18: 2025-2030 | R18: 11800000 | S18: 2025-2050 | T18: EPA GLIMPSE | U18: Emission factor analysis | V18: Qualitative | W18: No | X18: Quantitative | Y18: GLIMPSE | Z18: None | AA18: N/A
A19: Alabama Priority Climate Action Plan | B19: https://www.epa.gov/system/files/documents/2024-03/alabama-pcap.pdf | C19: Alabama Department of Environmental Management | D19: Alabama | E19: Implement weatherization programs for residential buildings | F19: PCAP pg. 59-60, Appendix E pg 1-9 | G19: Commercial and residential buildings | J19: Improve weatherization | N19: Tennessee Valley Authority | O19: Unspecified | P19: 400000 | Q19: 2025-2030 | R19: 4300000 | S19: 2025-2050 | T19: EPA GLIMPSE | U19: Emission factor analysis | V19: Qualitative | W19: No | X19: Quantitative | Y19: GLIMPSE | Z19: None | AA19: N/A
A20: Alabama Priority Climate Action Plan | B20: https://www.epa.gov/system/files/documents/2024-03/alabama-pcap.pdf | C20: Alabama Department of Environmental Management | D20: Alabama | E20: Upgrade electricity distribution to reduce transmission line inefficiencies and overall power consumption. | F20: PCAP pg. 59-61, Appendix E pg 1-9 | G20: Electricity | J20: Develop transmission and distribution infrastructure | N20: Tennessee Valley Authority | O20: Unspecified | P20: 100000 | Q20: 2025-2030 | R20: 400000 | S20: 2025-2050 | T20: EPA GLIMPSE | U20: Emission factor analysis | V20: Qualitative | W20: No | X20: Quantitative | Y20: GLIMPSE | Z20: None | AA20: N/A
A21: Alabama Priority Climate Action Plan | B21: https://www.epa.gov/system/files/documents/2024-03/alabama-pcap.pdf | C21: Alabama Department of Environmental Management | D21: Alabama | E21: Enable the recovery of organics from landfill-bound waste to anaerobically digest it to produce renewable natural gas and soil amendments. | F21: PCAP pg. 9-12 | G21: Waste and materials management | J21: Increase anaerobic digestion | N21: City of Montgomery | O21: Unspecified | P21: 240000 | Q21: 2025-2030 | R21: 1500000 | S21: 2030-2050 | T21: EPA WARM | U21: N/A | V21: Qualitative | W21: No | X21: None | Y21: N/A | Z21: None | AA21: N/A
A22: State of Alaska Priority Sustainable Energy Action Plan | B22: https://www.epa.gov/system/files/documents/2024-03/ak-priority-sustainable-energy-plan.pdf | C22: Alaska Department of Environmental Management | D22: Alaska | E22: Deploy 14.3 MW of solar capacity and 5.7 MWh of battery storage capacity throughout Alaska, with a targeted focus on low-income and disadvantaged households. | F22: PCAP pg. 49-51 | G22: Electricity | H22: Commercial and residential buildings | J22: Increase deployment of distributed renewables | K22: Develop energy storage systems | N22: Alaska Energy Authority, in collaboration with the Alaska Housing Finance Corporation | O22: Unspecified | P22: 11202 | Q22: Annually | R22: 336060 | S22: 30 years | T22: Unspecified | U22: N/A | V22: Qualitative | W22: Yes | X22: None | Y22: N/A | Z22: None | AA22: N/A
A23: State of Alaska Priority Sustainable Energy Action Plan | B23: https://www.epa.gov/system/files/documents/2024-03/ak-priority-sustainable-energy-plan.pdf | C23: Alaska Department of Environmental Management | D23: Alaska | E23: Retrofit 2,833 households with heat pumps throughout Southeast Alaska. | F23: PCAP pg. 25-27 | G23: Commercial and residential buildings | J23: Deploy electric heat pumps | N23: Southeast Conference | O23: Unspecified | P23: 37160 | Q23: 2024-2030 | R23: 225720 | S23: 2024-2050 | T23: Unspecified | U23: N/A | V23: Qualitative | W23: No | X23: None | Y23: N/A | Z23: None | AA23: N/A
A24: State of Alaska Priority Sustainable Energy Action Plan | B24: https://www.epa.gov/system/files/documents/2024-03/ak-priority-sustainable-energy-plan.pdf | C24: Alaska Department of Environmental Management | D24: Alaska | E24: Replace one of the two fuel oil boilers at the Mendenhall Wastewater Treatment Plant with an electric boiler. | F24: PCAP pg. 30-32 | G24: Waste and materials management | J24: Electrify industrial processes | N24: The City and Borough of Juneau | O24: Unspecified | P24: 711 | Q24: Annually | R24: Unspecified | S24: N/A | T24: Unspecified | U24: N/A | V24: Qualitative | W24: No | X24: None | Y24: N/A | Z24: None | AA24: N/A
A25: State of Alaska Priority Sustainable Energy Action Plan | B25: https://www.epa.gov/system/files/documents/2024-03/ak-priority-sustainable-energy-plan.pdf | C25: Alaska Department of Environmental Management | D25: Alaska | E25: Install equipment at the City & Borough of Juneau's two cruise docks to provide shore power to cruise ships moored there and reduce emissions produced while the ship is at port. | F25: PCAP pg. 38-40 | G25: Transportation | J25: Provide shore power to docked boats | N25: The City and Borough of Juneau | O25: Unspecified | P25: 31180 | Q25: 2024-2030 | R25: 187080 | S25: 2024-2050 | T25: Unspecified | U25: N/A | V25: Qualitative | W25: No | X25: Qualitative | Y25: Unspecified | Z25: None | AA25: N/A
A26: State of Alaska Priority Sustainable Energy Action Plan | B26: https://www.epa.gov/system/files/documents/2024-03/ak-priority-sustainable-energy-plan.pdf | C26: Alaska Department of Environmental Management | D26: Alaska | E26: Install forty Level 2 and fifteen Level 3 charging stations throughout urban and rural Alaska communities. | F26: PCAP pg. 40-42 | G26: Transportation | J26: Develop EV charging infrastructure | N26: Alaska Energy Authority | O26: Unspecified | P26: 2,144 per charging site | Q26: Annually | R26: Unspecified | S26: N/A | T26: Emission factor analysis | U26: N/A | V26: Qualitative | W26: No | X26: None | Y26: N/A | Z26: None | AA26: N/A
A27: State of Alaska Priority Sustainable Energy Action Plan | B27: https://www.epa.gov/system/files/documents/2024-03/ak-priority-sustainable-energy-plan.pdf | C27: Alaska Department of Environmental Management | D27: Alaska | E27: Implement the Dixon Diversion project to increase hydroelectric production to Alaska's main Railbelt electric grid by approximately 190,000 MWh per year. | F27: PCAP pg. 42-44 | G27: Electricity | J27: Expand utility-scale renewable energy generation | N27: Alaska Energy Authority | O27: Unspecified | P27: 262188 | Q27: 2024-2030 | R27: 2884068 | S27: 2024-2050 | T27: Emission factor analysis | U27: N/A | V27: Qualitative | W27: No | X27: None | Y27: N/A | Z27: None | AA27: N/A
A28: State of Alaska Priority Sustainable Energy Action Plan | B28: https://www.epa.gov/system/files/documents/2024-03/ak-priority-sustainable-energy-plan.pdf | C28: Alaska Department of Environmental Management | D28: Alaska | E28: Support renewable energy generation projects delivered by municipalities, tribes, or related entities (including state agencies) directly as well as in partnership with electric cooperatives or Independent Power Producers. | F28: PCAP pg. 44-46 | G28: Electricity | J28: Expand utility-scale renewable energy generation | N28: Unspecified | O28: Unspecified | P28: Railbelt: 798,645; Non-Railbelt: 829,893; Total: 1,628,538 | Q28: 2024-2030 | R28: Railbelt: 11,190,665; Non-Railbelt: 1,454,853; Total: 12,645,518 | S28: 2024-2050 | T28: Emission factor analysis | U28: N/A | V28: Qualitative | W28: Yes | X28: None | Y28: N/A | Z28: None | AA28: N/A
A29: State of Alaska Priority Sustainable Energy Action Plan | B29: https://www.epa.gov/system/files/documents/2024-03/ak-priority-sustainable-energy-plan.pdf | C29: Alaska Department of Environmental Management | D29: Alaska | E29: Design and construct composting facilities tailored specifically for four tribal communities (Wrangell, Hoonah, Petersburg, Yakutat) and one urban city (Juneau) in the Southeast Alaska region. | F29: PCAP pg. 35-38 | G29: Waste and materials management | J29: Increase composting | N29: The Central Council of the Tlingit and Haida Indian Tribes of Alaska (Tlingit & Haida) | O29: Unspecified | P29: 144618.15 | Q29: 2024-2030 | R29: 2.9371946e+08 | S29: 2024-2050 | T29: EPA WARM | U29: N/A | V29: Qualitative | W29: Yes | X29: None | Y29: N/A | Z29: None | AA29: N/A
A30: State of Alaska Priority Sustainable Energy Action Plan | B30: https://www.epa.gov/system/files/documents/2024-03/ak-priority-sustainable-energy-plan.pdf | C30: Alaska Department of Environmental Management | D30: Alaska | E30: Increase funding for the Alaska Energy Authority's existing Renewable Energy Fund Grant Program to support the development of renewable energy projects throughout the state. | F30: PCAP pg. 51-52 | G30: Electricity | J30: Expand utility-scale renewable energy generation | N30: Alaska Energy Authority | O30: Unspecified | P30: 1186857 | Q30: Annually | R30: 24278625 | S30: Unspecified | T30: Unspecified | U30: N/A | V30: Qualitative | W30: No | X30: None | Y30: N/A | Z30: None | AA30: N/A
A31: State of Alaska Priority Sustainable Energy Action Plan | B31: https://www.epa.gov/system/files/documents/2024-03/ak-priority-sustainable-energy-plan.pdf | C31: Alaska Department of Environmental Management | D31: Alaska | E31: Implement a landfill gas capture system at the Central Peninsula Landfill to provide sustainable energy and capture waste heat. | F31: PCAP pg. 32-34 | G31: Waste and materials management | H31: Electricity | J31: Increase capture and/or utilization of gas from landfills | K31: Use district geothermal, cogeneration, or waste heat recovery | N31: Central Peninsula Landfill and Homer Electric Association | O31: Unspecified | P31: 196268 | Q31: 2024-2030 | R31: 1177607 | S31: 2024-2050 | T31: EPA LFG Energy Benefits Calculator | U31: EPA LMOP Database | V31: Qualitative | W31: No | X31: None | Y31: N/A | Z31: None | AA31: N/A
A32: State of Alaska Priority Sustainable Energy Action Plan | B32: https://www.epa.gov/system/files/documents/2024-03/ak-priority-sustainable-energy-plan.pdf | C32: Alaska Department of Environmental Management | D32: Alaska | E32: Replace non-certified and lower-tier diesel engines used for power generation in rural Alaskan communities with cleaner Tier 2 and 3 marine engines and low particulate matter emitting nonroad engines. | F32: PCAP pg. 47-49 | G32: Electricity | J32: Use more efficient fossil-fuel generation technology | N32: Alaska Energy Authority | O32: N/A | P32: Unspecified | Q32: N/A | R32: N/A | S32: N/A | T32: N/A | U32: N/A | V32: Qualitative | W32: No | X32: None | Y32: N/A | Z32: None | AA32: N/A
A33: State of Alaska Priority Sustainable Energy Action Plan | B33: https://www.epa.gov/system/files/documents/2024-03/ak-priority-sustainable-energy-plan.pdf | C33: Alaska Department of Environmental Management | D33: Alaska | E33: Deploy carbon capture and storage and carbon offset projects to reduce emissions throughout Alaska. | F33: PCAP pg. 53-54 | G33: Industry | J33: Deploy carbon capture and/or sequestration technology | N33: Alaska Department of Natural Resources | O33: N/A | P33: Unspecified | Q33: N/A | R33: N/A | S33: N/A | T33: N/A | U33: N/A | V33: Qualitative | W33: No | X33: None | Y33: N/A | Z33: None | AA33: N/A
A34: The Clean Arizona Plan Priority Climate Action Plan State of Arizona | B34: https://www.epa.gov/system/files/documents/2024-03/the-clean-arizona-plan.pdf | C34: Executive Office of the State of Arizona | D34: Arizona | E34: Establish the Arizona Building Codes Advancement Initiative, a targeted program designed to catalyze the adoption of updated building codes by municipalities throughout the state | F34: PCAP pg. 21-23, 59 | G34: Commercial and residential buildings | J34: Improve municipal building efficiency | K34: Leverage building codes | N34: Governor's Office of Resiliency | O34: Unspecified | P34: 644928 | Q34: 2035 | R34: 2682476 | S34: 2050 | T34: Unspecified | U34: N/A | V34: Qualitative | W34: No | X34: None | Y34: N/A | Z34: None | AA34: N/A
A35: The Clean Arizona Plan Priority Climate Action Plan State of Arizona | B35: https://www.epa.gov/system/files/documents/2024-03/the-clean-arizona-plan.pdf | C35: Executive Office of the State of Arizona | D35: Arizona | E35: Provide grants to communities, multi-family residences, and homeowners to install solar-plus-battery systems, generating on average 6,100 kWh of solar per year per system and community-serving microgrid and mini-grid systems to generate 1-5 MW of solar energy. | F35: PCAP pg. 24-26, 59 | G35: Electricity | J35: Develop energy storage systems | K35: Develop microgrids | L35: Increase deployment of distributed renewables | N35: Governor's Office of Resiliency | O35: Unspecified | P35: 20989 | Q35: 2035 | R35: 191200 | S35: 2050 | T35: Unspecified | U35: N/A | V35: Qualitative | W35: No | X35: None | Y35: N/A | Z35: None | AA35: N/A
A36: The Clean Arizona Plan Priority Climate Action Plan State of Arizona | B36: https://www.epa.gov/system/files/documents/2024-03/the-clean-arizona-plan.pdf | C36: Executive Office of the State of Arizona | D36: Arizona | E36: Bolster and grow existing university renewable energy programs that site renewable energy on university campuses and university-owned land | F36: PCAP pg. 27-28, 59 | G36: Electricity | J36: Expand utility-scale renewable energy generation | N36: Public universities, community colleges | O36: Unspecified | P36: 210078 | Q36: 2035 | R36: 1288434 | S36: 2050 | T36: Unspecified | U36: N/A | V36: Qualitative | W36: No | X36: None | Y36: N/A | Z36: None | AA36: N/A
A37: The Clean Arizona Plan Priority Climate Action Plan State of Arizona | B37: https://www.epa.gov/system/files/documents/2024-03/the-clean-arizona-plan.pdf | C37: Executive Office of the State of Arizona | D37: Arizona | E37: Support the deployment of renewable energy and storage systems for local government buildings, providing additional incentives to complement newly available "direct pay" options for local governments to receive energy tax credits and technical assistance for such projects. | F37: PCAP pg. 29-31, 59, Appendix K | G37: Electricity | H37: Commercial and residential buildings | J37: Develop energy storage systems | K37: Increase deployment of distributed renewables | N37: Governor's Office of Resiliency | O37: Unspecified | P37: 30453 | Q37: 2030 | R37: 152266 | S37: 2050 | T37: PVWatts Calculator | U37: REopt | V37: Qualitative | W37: No | X37: Quantitative | Y37: PVWatts Calculator | Z37: None | AA37: N/A
A38: The Clean Arizona Plan Priority Climate Action Plan State of Arizona | B38: https://www.epa.gov/system/files/documents/2024-03/the-clean-arizona-plan.pdf | C38: Executive Office of the State of Arizona | D38: Arizona | E38: Formalize a state-led public/private coalition to create education programs across universities and community colleges. | F38: PCAP pg. 32-35, 59 | G38: Cross-cutting | J38: Education and engagement | N38: ABOR (ASU, NAU, UA), MCCD, OEO, MAG, SciTech Institute, ADEQ | O38: N/A | P38: Unspecified | Q38: N/A | R38: N/A | S38: N/A | T38: N/A | U38: N/A | V38: Qualitative | W38: No | X38: None | Y38: N/A | Z38: None | AA38: N/A
A39: The Clean Arizona Plan Priority Climate Action Plan State of Arizona | B39: https://www.epa.gov/system/files/documents/2024-03/the-clean-arizona-plan.pdf | C39: Executive Office of the State of Arizona | D39: Arizona | E39: Adopt light, medium, and heavy-duty zero-emission vehicles for State, municipal, county, Tribal, university, and community college fleets, purchasing zero-emission vehicles and install electric vehicle charging at applicable fleet facilities. | F39: PCAP pg. 36-37, 59 | G39: Transportation | J39: Electrify government and/or publicly owned vehicle fleets | K39: Develop EV charging infrastructure | L39: Increase the deployment of electric MDVs and/or HDVs | N39: ASU, NAU, UA, Other counties and municipalities | O39: Unspecified | P39: 453 | Q39: 2035 | R39: 19738 | S39: 2050 | T39: Unspecified | U39: N/A | V39: Qualitative | W39: Yes | X39: None | Y39: N/A | Z39: None | AA39: N/A
A40: The Clean Arizona Plan Priority Climate Action Plan State of Arizona | B40: https://www.epa.gov/system/files/documents/2024-03/the-clean-arizona-plan.pdf | C40: Executive Office of the State of Arizona | D40: Arizona | E40: Incentivize the installation of EV charging infrastructure for public fleets and publicly available charging and fund the transition of public fleets from fossil fuel-powered vehicles to EVs. | F40: PCAP pg. 38-40, 59 | G40: Transportation | J40: Electrify government and/or publicly owned vehicle fleets | K40: Develop EV charging infrastructure | N40: State of Arizona, local jurisdictions, counties, and Tribal nations and communities. | O40: Unspecified | P40: 60000 | Q40: 2030 | R40: 208000 | S40: 2050 | T40: Unspecified | U40: N/A | V40: Qualitative | W40: No | X40: Quantitative | Y40: Unspecified | Z40: None | AA40: N/A
A41: The Clean Arizona Plan Priority Climate Action Plan State of Arizona | B41: https://www.epa.gov/system/files/documents/2024-03/the-clean-arizona-plan.pdf | C41: Executive Office of the State of Arizona | D41: Arizona | E41: Make funds available to municipalities, counties, tribes, state agencies, and public universities to install publicly accessible electric vehicle charging and to implement programs that promote daytime charging. | F41: PCAP pg. 41-42, 60 | G41: Transportation | J41: Develop EV charging infrastructure | N41: ASU, NAU, UA, Other counties and municipalities | O41: Unspecified | P41: 53436 | Q41: 2035 | R41: 2721256 | S41: 2050 | T41: Unspecified | U41: N/A | V41: Qualitative | W41: Yes | X41: None | Y41: N/A | Z41: None | AA41: N/A
A42: The Clean Arizona Plan Priority Climate Action Plan State of Arizona | B42: https://www.epa.gov/system/files/documents/2024-03/the-clean-arizona-plan.pdf | C42: Executive Office of the State of Arizona | D42: Arizona | E42: Prioritize road improvements in rural and Tribal communities through paving and maintenance programs to reduce dust pollution and increase the fuel-efficiency of vehicle travel. | F42: PCAP pg. 43-44, 60 | G42: Transportation | J42: Improve road conditions | N42: ADOT, County DOTs, TCROs, Regional transportation planning organizations | O42: Unspecified | P42: 7.68 | Q42: 2035 | R42: 25.68 | S42: 2050 | T42: Unspecified | U42: N/A | V42: Qualitative | W42: Yes | X42: None | Y42: N/A | Z42: None | AA42: N/A
A43: The Clean Arizona Plan Priority Climate Action Plan State of Arizona | B43: https://www.epa.gov/system/files/documents/2024-03/the-clean-arizona-plan.pdf | C43: Executive Office of the State of Arizona | D43: Arizona | E43: Establish a network of electric charging and hydrogen refueling stations specifically designed for medium- and heavy-duty zero emission trucks along I-40 and through LIDACs along the corridor. | F43: PCAP pg. 45-50, 60 | G43: Transportation | J43: Increase the deployment of electric MDVs and/or HDVs | K43: Develop EV charging infrastructure | L43: Utilize low carbon fuels | N43: NMED | O43: Unspecified | P43: 205063.3 | Q43: 2030 | R43: 1025320.8 | S43: 2050 | T43: Unspecified | U43: N/A | V43: Qualitative | W43: Yes | X43: None | Y43: N/A | Z43: None | AA43: N/A
A44: The Clean Arizona Plan Priority Climate Action Plan State of Arizona | B44: https://www.epa.gov/system/files/documents/2024-03/the-clean-arizona-plan.pdf | C44: Executive Office of the State of Arizona | D44: Arizona | E44: Develop and pilot innovative solutions to reduce greenhouse gas emissions and air pollution from forest management, municipal solid waste, and wastewater processes, and develop local markets for biochar and other products created from liability biomass. | F44: PCAP pg. 51-56, 60, Appendix K | G44: Waste and materials management | H44: Natural and working lands | J44: Increase composting | K44: Increase thermal biomass conversion | N44: Arizona local governments, including the City of Flagstaff | O44: Unspecified | P44: 84063 | Q44: 2030 | R44: 543986 | S44: 2050 | T44: Emission factor analysis | U44: N/A | V44: Qualitative | W44: No | X44: None | Y44: N/A | Z44: None | AA44: N/A
A45: Arkansas Energy and Environment Innovation Plan Priority Action Plan | B45: https://www.epa.gov/system/files/documents/2024-03/5d-02f35201-pcap-arkansas-eei-plan.pdf | C45: Arkansas Division of Environmental Quality | D45: Arkansas | E45: Reduce methane emissions from organic waste and biomass decomposition through waste diversion programs, composting, and methane abatement solutions like anaerobic digestion. | F45: PCAP pg. 12, 35-38 | G45: Waste and materials management | J45: Increase anaerobic digestion | K45: Increase capture and/or utilization of gas from anaerobic digestion | L45: Increase composting | M45: Increase thermal biomass conversion | N45: Municipalities; Counties; MSAs; State | O45: Unspecified | P45: 5000 | Q45: 2025-2035 | R45: 11000 | S45: 2025-2050 | T45: Emission factor analysis | U45: N/A | V45: Qualitative | W45: No | X45: None | Y45: N/A | Z45: None | AA45: N/A
A46: Arkansas Energy and Environment Innovation Plan Priority Action Plan | B46: https://www.epa.gov/system/files/documents/2024-03/5d-02f35201-pcap-arkansas-eei-plan.pdf | C46: Arkansas Division of Environmental Quality | D46: Arkansas | E46: Convert landfill gas to renewable natural gas and increase diverse energy availability to nearby communities and industry. | F46: PCAP pg. 12, 36 (funding), 39-41 | G46: Waste and materials management | J46: Increase capture and/or utilization of gas from landfills | N46: Municipalities; Counties; MSAs; State | O46: Unspecified | P46: 216000 | Q46: 2025-2035 | R46: 540000 | S46: 2025-2050 | T46: Emission factor analysis | U46: N/A | V46: Qualitative | W46: No | X46: None | Y46: N/A | Z46: None | AA46: N/A
A47: Arkansas Energy and Environment Innovation Plan Priority Action Plan | B47: https://www.epa.gov/system/files/documents/2024-03/5d-02f35201-pcap-arkansas-eei-plan.pdf | C47: Arkansas Division of Environmental Quality | D47: Arkansas | E47: Invest in a program to identify innovative utility-scale renewable projects that lead to considerable GHG emission reductions and reduce costs of these resources for Arkansas ratepayers. | F47: PCAP pg. 12, 41-47 | G47: Electricity | J47: Expand utility-scale renewable energy generation | K47: Facilitate community choice aggregation programs | N47: State | O47: Unspecified | P47: 210000 | Q47: 2025-2035 | R47: 525000 | S47: 2025-2050 | T47: Emission factor analysis | U47: N/A | V47: Qualitative | W47: No | X47: None | Y47: N/A | Z47: None | AA47: N/A
A48: Arkansas Energy and Environment Innovation Plan Priority Action Plan | B48: https://www.epa.gov/system/files/documents/2024-03/5d-02f35201-pcap-arkansas-eei-plan.pdf | C48: Arkansas Division of Environmental Quality | D48: Arkansas | E48: Implement a program to increase energy efficiency in school buildings as well as city, state, and local buildings located in areas with elevated noise pollution. | F48: PCAP pg. 12, 48-52 | G48: Commercial and residential buildings | J48: Improve municipal building efficiency | N48: State | O48: Unspecified | P48: 190000 | Q48: 2025-2035 | R48: 475000 | S48: 2025-2050 | T48: Emission factor analysis | U48: N/A | V48: Qualitative | W48: No | X48: None | Y48: N/A | Z48: None | AA48: N/A
A49: Arkansas Energy and Environment Innovation Plan Priority Action Plan | B49: https://www.epa.gov/system/files/documents/2024-03/5d-02f35201-pcap-arkansas-eei-plan.pdf | C49: Arkansas Division of Environmental Quality | D49: Arkansas | E49: Expand the Arkansas Well Timer Program to reduce irrigation pumping time in rice production by 20%, including implementation of automatic shutoff equipment. | F49: PCAP pg. 12, 53-55 | G49: Agriculture | J49: Reduce agricultural fuel emissions | N49: Municipalities; Counties; MSAs; State | O49: Unspecified | P49: 1340000 | Q49: 2025-2035 | R49: 3350000 | S49: 2025-2050 | T49: Emission factor analysis | U49: N/A | V49: Qualitative | W49: No | X49: None | Y49: N/A | Z49: None | AA49: N/A
A50: Arkansas Energy and Environment Innovation Plan Priority Action Plan | B50: https://www.epa.gov/system/files/documents/2024-03/5d-02f35201-pcap-arkansas-eei-plan.pdf | C50: Arkansas Division of Environmental Quality | D50: Arkansas | E50: Develop an incentive program to encourage facilities to produce reusable foodware. | F50: PCAP pg. 13, 60-61 | G50: Waste and materials management | J50: Reduce nonfood waste | N50: Municipalities; Counties, MSAs | O50: Unspecified | P50: 1000 | Q50: 2025-2035 | R50: 2000 | S50: 2025-2050 | T50: Emission factor analysis | U50: N/A | V50: Qualitative | W50: No | X50: None | Y50: N/A | Z50: None | AA50: N/A
A51: The State of California's Draft Priority Climate Action Plan | B51: https://www.epa.gov/system/files/documents/2024-03/california-cprg-priority-climate-action-plan.pdf | C51: California Air and Resources Board (CARB); California Environmental Protection Agency (CalEPA) | D51: California | E51: Accelerate the deployment of zero-emissions medium- and heavy-duty vehicles, particularly for small fleets that face the greatest barriers to their adoption. | F51: PCAP pg. 23-25 | G51: Transportation | J51: Increase the deployment of electric MDVs and/or HDVs | N51: California Air Resource Board; local governments | O51: AR4 | P51: 436000 | Q51: 2025-2030 | R51: 2615000 | S51: 2025-2050 | T51: Estimates based on project data or comparable plans | U51: N/A | V51: Qualitative | W51: No | X51: None | Y51: N/A | Z51: None | AA51: N/A
A52: The State of California's Draft Priority Climate Action Plan | B52: https://www.epa.gov/system/files/documents/2024-03/california-cprg-priority-climate-action-plan.pdf | C52: California Air and Resources Board (CARB); California Environmental Protection Agency (CalEPA) | D52: California | E52: Expand programs and efforts that help lower the upfront cost and deploy zero emission heavy-duty off-road equipment, including zero emission agricultural equipment, airport ground support equipment, cargo handling equipment, commercial harbor craft, construction equipment, heavier lift forklifts, mobile power units, railcar movers and freight locomotives, terminal tractors (yard trucks), transport refrigeration units, and Electric Vehicle Supply Equipment and other supporting infrastructure. | F52: PCAP pg. 28-29 | G52: Transportation | J52: Electrify off road vehicles or equipment | K52: Increase the deployment of electric MDVs and/or HDVs | N52: California Air Resource Board; local governments | O52: AR4 | P52: 41000 | Q52: 2025-2030 | R52: 244000 | S52: 2025-2050 | T52: Estimates based on project data or comparable plans | U52: N/A | V52: Qualitative | W52: No | X52: None | Y52: N/A | Z52: None | AA52: N/A
A53: The State of California's Draft Priority Climate Action Plan | B53: https://www.epa.gov/system/files/documents/2024-03/california-cprg-priority-climate-action-plan.pdf | C53: California Air and Resources Board (CARB); California Environmental Protection Agency (CalEPA) | D53: California | E53: Advance clean, efficient, sustainable, and resilient port and freight infrastructure. | F53: PCAP pg. 30-31 | G53: Transportation | J53: Electrify or increase efficiency of non-road transportation | N53: State government | O53: AR4 | P53: 72000 | Q53: 2025-2030 | R53: 434000 | S53: 2025-2050 | T53: Estimates based on project data or comparable plans | U53: N/A | V53: Qualitative | W53: No | X53: None | Y53: N/A | Z53: None | AA53: N/A
A54: The State of California's Draft Priority Climate Action Plan | B54: https://www.epa.gov/system/files/documents/2024-03/california-cprg-priority-climate-action-plan.pdf | C54: California Air and Resources Board (CARB); California Environmental Protection Agency (CalEPA) | D54: California | E54: Expand existing clean mobility grant programs to fund projects identified by communities including active transportation infrastructure; new and expanded zero-emission public transit and school bus services; and shared mobility services such as zero emission micro transit and e-bike lending libraries | F54: PCAP pg. 31-33 | G54: Transportation | J54: Expand public transit | K54: Increase active transportation | N54: State government | O54: AR4 | P54: 4000 | Q54: 2025-2030 | R54: 25000 | S54: 2025-2050 | T54: Estimates based on project data or comparable plans | U54: N/A | V54: Qualitative | W54: No | X54: None | Y54: N/A | Z54: None | AA54: N/A
A55: The State of California's Draft Priority Climate Action Plan | B55: https://www.epa.gov/system/files/documents/2024-03/california-cprg-priority-climate-action-plan.pdf | C55: California Air and Resources Board (CARB); California Environmental Protection Agency (CalEPA) | D55: California | E55: Increase access to reliable zero emission vehicle options and infrastructure for low-income and disadvantaged communities. | F55: PCAP pg. 33-34 | G55: Transportation | J55: Increase the deployment of electric vehicles | K55: Develop EV charging infrastructure | N55: Local governments; tribal nations | O55: N/A | P55: Unspecified | Q55: N/A | R55: N/A | S55: N/A | T55: N/A | U55: N/A | V55: Qualitative | W55: Yes | X55: None | Y55: N/A | Z55: None | AA55: N/A
A56: The State of California's Draft Priority Climate Action Plan | B56: https://www.epa.gov/system/files/documents/2024-03/california-cprg-priority-climate-action-plan.pdf | C56: California Air and Resources Board (CARB); California Environmental Protection Agency (CalEPA) | D56: California | E56: Accelerate decarbonization projects across California’s manufacturing sector through improving process efficiency, energy efficiency, adding renewable energy, and electrification. | F56: PCAP pg. 36-37 | G56: Industry | J56: Electrify industrial processes | K56: Improve chemical and/or process efficiency | L56: Increase deployment of distributed renewables | M56: Improve industrial energy efficiency | N56: State government | O56: AR4 | P56: 11000 | Q56: 2025-2030 | R56: 68000 | S56: 2025-2050 | T56: Estimates based on project data or comparable plans | U56: N/A | V56: Qualitative | W56: No | X56: None | Y56: N/A | Z56: None | AA56: N/A
A57: The State of California's Draft Priority Climate Action Plan | B57: https://www.epa.gov/system/files/documents/2024-03/california-cprg-priority-climate-action-plan.pdf | C57: California Air and Resources Board (CARB); California Environmental Protection Agency (CalEPA) | D57: California | E57: Expand decarbonization through the Energy Conservation Assistance Act to scale zero- and one-percent interest loans to educational agencies, municipalities, and Tribal Nations for clean energy generation, energy storage, zero emission vehicle infrastructure, and energy efficiency upgrades. | F57: PCAP pg. 39-40 | G57: Transportation | H57: Electricity | I57: Commercial and residential buildings | J57: Expand utility-scale renewable energy generation | K57: Develop energy storage systems | L57: Develop EV charging infrastructure | M57: Improve building energy efficiency | N57: California Energy Commission | O57: AR4 | P57: 188000 | Q57: 2025-2030 | R57: 1400000 | S57: 2025-2050 | T57: Estimates based on project data or comparable plans | U57: N/A | V57: Qualitative | W57: Yes | X57: None | Y57: N/A | Z57: None | AA57: N/A
A58: The State of California's Draft Priority Climate Action Plan | B58: https://www.epa.gov/system/files/documents/2024-03/california-cprg-priority-climate-action-plan.pdf | C58: California Air and Resources Board (CARB); California Environmental Protection Agency (CalEPA) | D58: California | E58: Create a new Distribution System Capacity Upgrades Funding Program to enhance the electric distribution system in California. | F58: PCAP pg. 40-41 | G58: Electricity | J58: Develop transmission and distribution infrastructure | N58: California Public Utilities Commission | O58: AR4 | P58: 3600000 | Q58: 2025-2030 | R58: 39000000 | S58: 2025-2050 | T58: Estimates based on project data or comparable plans | U58: N/A | V58: Qualitative | W58: No | X58: None | Y58: N/A | Z58: None | AA58: N/A
A59: The State of California's Draft Priority Climate Action Plan | B59: https://www.epa.gov/system/files/documents/2024-03/california-cprg-priority-climate-action-plan.pdf | C59: California Air and Resources Board (CARB); California Environmental Protection Agency (CalEPA) | D59: California | E59: Expand the Self-Generation Incentive Program to enhance behind-the-meter energy storage and resilience during power outages, particularly for low-income residential customers. | F59: PCAP pg.41-42 | G59: Electricity | J59: Develop energy storage systems | N59: California Public Utilities Commission | O59: AR4 | P59: 520 | Q59: 2025-2030 | R59: 4000 | S59: 2025-2050 | T59: Estimates based on project data or comparable plans | U59: N/A | V59: Qualitative | W59: Yes | X59: None | Y59: N/A | Z59: None | AA59: N/A
A60: The State of California's Draft Priority Climate Action Plan | B60: https://www.epa.gov/system/files/documents/2024-03/california-cprg-priority-climate-action-plan.pdf | C60: California Air and Resources Board (CARB); California Environmental Protection Agency (CalEPA) | D60: California | E60: Implement emerging opportunities elevated by local jurisdictions to implement bioenergy projects, including renewable hydrogen from various organic waste sources such as landfill methane; woody biomass, yard and agricultural waste; and biosolids. | F60: PCAP pg. 46-47 | G60: Waste and materials management | J60: Increase anaerobic digestion | K60: Increase capture and/or utilization of gas from landfills | N60: Local governments | O60: N/A | P60: Unspecified | Q60: N/A | R60: N/A | S60: N/A | T60: N/A | U60: N/A | V60: Qualitative | W60: No | X60: None | Y60: N/A | Z60: None | AA60: N/A
A61: The State of California's Draft Priority Climate Action Plan | B61: https://www.epa.gov/system/files/documents/2024-03/california-cprg-priority-climate-action-plan.pdf | C61: California Air and Resources Board (CARB); California Environmental Protection Agency (CalEPA) | D61: California | E61: Enable local State governments and Tribal Nation in rural parts of California to pursue renewable microgrid projects that can contribute to lower emissions and manage local energy resiliency. | F61: PCAP pg. 47 | G61: Electricity | J61: Develop microgrids | N61: Local governments; tribal nations | O61: N/A | P61: Unspecified | Q61: N/A | R61: N/A | S61: N/A | T61: N/A | U61: N/A | V61: Qualitative | W61: Yes | X61: None | Y61: N/A | Z61: None | AA61: N/A
A62: The State of California's Draft Priority Climate Action Plan | B62: https://www.epa.gov/system/files/documents/2024-03/california-cprg-priority-climate-action-plan.pdf | C62: California Air and Resources Board (CARB); California Environmental Protection Agency (CalEPA) | D62: California | E62: Expand CARB’s existing F-Gas Reduction Incentive Program and propel its success in reducing hydrofluorocarbon and hydrochlorofluorocarbons, or F-gases. | F62: PCAP pg. 49-50 | G62: Industry | H62: Commercial and residential buildings | J62: Phase out HFCs | N62: State government | O62: N/A | P62: Unspecified | Q62: N/A | R62: N/A | S62: N/A | T62: N/A | U62: N/A | V62: Qualitative | W62: No | X62: None | Y62: N/A | Z62: None | AA62: N/A
A63: The State of California's Draft Priority Climate Action Plan | B63: https://www.epa.gov/system/files/documents/2024-03/california-cprg-priority-climate-action-plan.pdf | C63: California Air and Resources Board (CARB); California Environmental Protection Agency (CalEPA) | D63: California | E63: Expand support for various conservation practices such as compost application, nutrient management, conservation tillage, and cover cropping across California's diverse agricultural landscape, including through outreach and technical assistance to the farmers who need it most. | F63: PCAP pg. 52-53 | G63: Agriculture | J63: Adopt soil management practices to reduce GHG emissions | K63: Adopt soil or land management practices to sequester carbon | N63: California Department of Food and Agriculture | O63: AR4 | P63: 216000 | Q63: 2025-2040 | R63: 1300000 | S63: 2025-2050 | T63: Estimates based on project data or comparable plans | U63: N/A | V63: Qualitative | W63: No | X63: None | Y63: N/A | Z63: None | AA63: N/A
A64: The State of California's Draft Priority Climate Action Plan | B64: https://www.epa.gov/system/files/documents/2024-03/california-cprg-priority-climate-action-plan.pdf | C64: California Air and Resources Board (CARB); California Environmental Protection Agency (CalEPA) | D64: California | E64: Increase small farm dairy digesters and fund research and demonstration projects for hydrogen production from dairy digesters. | F64: PCAP pg. 53-54 | G64: Agriculture | H64: Waste and materials management | J64: Improve livestock management | K64: Increase anaerobic digestion | N64: California Department of Food and Agriculture | O64: AR4 | P64: 1800000 | Q64: 2025-2030 | R64: 10800000 | S64: 2025-2050 | T64: Estimates based on project data or comparable plans | U64: N/A | V64: Qualitative | W64: No | X64: None | Y64: N/A | Z64: None | AA64: N/A
A65: The State of California's Draft Priority Climate Action Plan | B65: https://www.epa.gov/system/files/documents/2024-03/california-cprg-priority-climate-action-plan.pdf | C65: California Air and Resources Board (CARB); California Environmental Protection Agency (CalEPA) | D65: California | E65: Expand funding for a critical range of activities, including fuel reduction, controlled burns, pest management, reforestation projects, and biomass utilization. | F65: PCAP pg. 55-56 | G65: Natural and working lands | J65: Maintain or expand existing forests | K65: Increase thermal biomass conversion | N65: State government | O65: N/A | P65: Unspecified | Q65: N/A | R65: N/A | S65: N/A | T65: N/A | U65: N/A | V65: Qualitative | W65: No | X65: None | Y65: N/A | Z65: None | AA65: N/A
A66: The State of California's Draft Priority Climate Action Plan | B66: https://www.epa.gov/system/files/documents/2024-03/california-cprg-priority-climate-action-plan.pdf | C66: California Air and Resources Board (CARB); California Environmental Protection Agency (CalEPA) | D66: California | E66: Expand urban canopy while delivering energy conservation and stormwater runoff reduction; improving air, soil, and water quality; and enhancing public health and property values. | F66: PCAP pg. 57-58 | G66: Natural and working lands | J66: Expand urban forests and/or green spaces | N66: CALFIRE | O66: AR4 | P66: 69000 | Q66: 2025-2030 | R66: 412000 | S66: 2025-2050 | T66: Estimates based on project data or comparable plans | U66: N/A | V66: Qualitative | W66: No | X66: None | Y66: N/A | Z66: None | AA66: N/A
A67: The State of California's Draft Priority Climate Action Plan | B67: https://www.epa.gov/system/files/documents/2024-03/california-cprg-priority-climate-action-plan.pdf | C67: California Air and Resources Board (CARB); California Environmental Protection Agency (CalEPA) | D67: California | E67: Support a variety of wetland restoration projects, including re-wetting peat soils to reduce carbon emissions, restoring mountain meadows for carbon sequestration, and enhancing wetland biodiversity. | F67: PCAP pg. 58-59 | G67: Natural and working lands | J67: Preserve or expand wetlands | N67: Sacramento-San Joaquin Delta Conservancy; California Department of Fish and Wildlife | O67: AR4 | P67: 232000 | Q67: 2025-2030 | R67: 1400000 | S67: 2025-2050 | T67: Estimates based on project data or comparable plans | U67: N/A | V67: Qualitative | W67: No | X67: None | Y67: N/A | Z67: None | AA67: N/A
A68: The State of California's Draft Priority Climate Action Plan | B68: https://www.epa.gov/system/files/documents/2024-03/california-cprg-priority-climate-action-plan.pdf | C68: California Air and Resources Board (CARB); California Environmental Protection Agency (CalEPA) | D68: California | E68: Leverage CalRecycle's existing grant programs, and build a new program to holistically prevent food waste, reduce food waste in landfills, and recover edible food for human consumption. | F68: PCAP pg. 61-62 | G68: Waste and materials management | J68: Reduce food/organic waste | N68: CalRecycle | O68: AR4 | P68: 101000 | Q68: 2025-2030 | R68: 604000 | S68: 2025-2050 | T68: Estimates based on project data or comparable plans | U68: N/A | V68: Qualitative | W68: No | X68: None | Y68: N/A | Z68: None | AA68: N/A
A69: The State of California's Draft Priority Climate Action Plan | B69: https://www.epa.gov/system/files/documents/2024-03/california-cprg-priority-climate-action-plan.pdf | C69: California Air and Resources Board (CARB); California Environmental Protection Agency (CalEPA) | D69: California | E69: Enhance organics recycling infrastructure to divert more green materials, food materials, or alternative daily cover from landfills, thereby reducing methane emissions and improving air and water quality. | F69: PCAP pg. 62-63 | G69: Waste and materials management | J69: Increase composting | K69: Increase anaerobic digestion | L69: Increase thermal biomass conversion | N69: CalRecycle | O69: AR4 | P69: 80000 | Q69: 2025-2030 | R69: 479000 | S69: 2025-2050 | T69: Estimates based on project data or comparable plans | U69: N/A | V69: Qualitative | W69: No | X69: None | Y69: N/A | Z69: None | AA69: N/A
A70: Colorado Priority Climate Action Plan | B70: https://www.epa.gov/system/files/documents/2024-03/colorado-pcap.pdf | C70: Colorado Energy Office | D70: Colorado | E70: Plan and implement high quality active transportation infrastructure in urban areas. | F70: PCAP pg. 30-33 | G70: Transportation | J70: Increase active transportation | N70: Local governments; State; Other entities providing funding | O70: Unspecified | P70: 13200 | Q70: 2025-2030 | R70: 86200 | S70: 2025-2050 | T70: Custom-built tool | U70: Energy Policy Simulator | V70: Qualitative | W70: No | X70: None | Y70: N/A | Z70: None | AA70: N/A
A71: Colorado Priority Climate Action Plan | B71: https://www.epa.gov/system/files/documents/2024-03/colorado-pcap.pdf | C71: Colorado Energy Office | D71: Colorado | E71: Plan and implement high quality active transportation infrastructure in suburban areas. | F71: PCAP pg. 30-33 | G71: Transportation | J71: Increase active transportation | N71: Local governments; State; Other entities providing funding | O71: Unspecified | P71: 700 | Q71: 2025-2030 | R71: 5000 | S71: 2025-2050 | T71: Custom-built tool | U71: Energy Policy Simulator | V71: Qualitative | W71: No | X71: None | Y71: N/A | Z71: None | AA71: N/A
A72: Colorado Priority Climate Action Plan | B72: https://www.epa.gov/system/files/documents/2024-03/colorado-pcap.pdf | C72: Colorado Energy Office | D72: Colorado | E72: Plan and implement high quality active transportation infrastructure in rural areas. | F72: PCAP pg. 30-33 | G72: Transportation | J72: Increase active transportation | N72: Local governments; State; Other entities providing funding | O72: Unspecified | P72: 0 | Q72: 2025-2030 | R72: 100 | S72: 2025-2050 | T72: Custom-built tool | U72: Energy Policy Simulator | V72: Qualitative | W72: No | X72: None | Y72: N/A | Z72: None | AA72: N/A
A73: Colorado Priority Climate Action Plan | B73: https://www.epa.gov/system/files/documents/2024-03/colorado-pcap.pdf | C73: Colorado Energy Office | D73: Colorado | E73: Plan and implement bus rapid transit and other transit priority measures in urban areas. | F73: PCAP pg. 33-35 | G73: Transportation | J73: Expand public transit | N73: Local governments; State; Transit Agencies | O73: Unspecified | P73: 4100 | Q73: 2025-2030 | R73: 30900 | S73: 2025-2050 | T73: Custom-built tool | U73: Energy Policy Simulator | V73: Qualitative | W73: No | X73: None | Y73: N/A | Z73: None | AA73: N/A
A74: Colorado Priority Climate Action Plan | B74: https://www.epa.gov/system/files/documents/2024-03/colorado-pcap.pdf | C74: Colorado Energy Office | D74: Colorado | E74: Plan and implement bus rapid transit and other transit priority measures in suburban areas. | F74: PCAP pg. 33-35 | G74: Transportation | J74: Expand public transit | N74: Local governments; State; Transit Agencies | O74: Unspecified | P74: 1600 | Q74: 2025-2030 | R74: 11700 | S74: 2025-2050 | T74: Custom-built tool | U74: Energy Policy Simulator | V74: Qualitative | W74: No | X74: None | Y74: N/A | Z74: None | AA74: N/A
A75: Colorado Priority Climate Action Plan | B75: https://www.epa.gov/system/files/documents/2024-03/colorado-pcap.pdf | C75: Colorado Energy Office | D75: Colorado | E75: Plan and implement bus rapid transit and other transit priority measures in rural areas. | F75: PCAP pg. 33-35 | G75: Transportation | J75: Expand public transit | N75: Local governments; State; Transit Agencies | O75: Unspecified | P75: 200 | Q75: 2025-2030 | R75: 1500 | S75: 2025-2050 | T75: Custom-built tool | U75: Energy Policy Simulator | V75: Qualitative | W75: No | X75: None | Y75: N/A | Z75: None | AA75: N/A
A76: Colorado Priority Climate Action Plan | B76: https://www.epa.gov/system/files/documents/2024-03/colorado-pcap.pdf | C76: Colorado Energy Office | D76: Colorado | E76: Adopt and implement policies to encourage transit and active transportation use and reduce parking in urban areas. | F76: PCAP pg. 35-37 | G76: Transportation | J76: Increase active transportation | K76: Encourage carpooling | L76: Expand public transit | N76: Local governments; State; MPOs; Transit Agencies; Transportation Management Associations | O76: Unspecified | P76: 126000 | Q76: 2025-2030 | R76: 330800 | S76: 2025-2050 | T76: Custom-built tool | U76: Energy Policy Simulator | V76: Qualitative | W76: No | X76: None | Y76: N/A | Z76: None | AA76: N/A
A77: Colorado Priority Climate Action Plan | B77: https://www.epa.gov/system/files/documents/2024-03/colorado-pcap.pdf | C77: Colorado Energy Office | D77: Colorado | E77: Adopt and implement policies to encourage transit and active transportation use and reduce parking in suburban areas. | F77: PCAP pg. 35-37 | G77: Transportation | J77: Increase active transportation | K77: Encourage carpooling | L77: Expand public transit | N77: Local governments; State; MPOs; Transit Agencies; Transportation Management Associations | O77: Unspecified | P77: 49400 | Q77: 2025-2030 | R77: 123400 | S77: 2025-2050 | T77: Custom-built tool | U77: Energy Policy Simulator | V77: Qualitative | W77: No | X77: None | Y77: N/A | Z77: None | AA77: N/A
A78: Colorado Priority Climate Action Plan | B78: https://www.epa.gov/system/files/documents/2024-03/colorado-pcap.pdf | C78: Colorado Energy Office | D78: Colorado | E78: Adopt and implement policies to encourage transit and active transportation use and reduce parking in rural areas. | F78: PCAP pg. 35-37 | G78: Transportation | J78: Increase active transportation | K78: Encourage carpooling | L78: Expand public transit | N78: Local governments; State; MPOs; Transit Agencies; Transportation Management Associations | O78: Unspecified | P78: 6200 | Q78: 2025-2030 | R78: 15800 | S78: 2025-2050 | T78: Custom-built tool | U78: Energy Policy Simulator | V78: Qualitative | W78: No | X78: None | Y78: N/A | Z78: None | AA78: N/A
A79: Colorado Priority Climate Action Plan | B79: https://www.epa.gov/system/files/documents/2024-03/colorado-pcap.pdf | C79: Colorado Energy Office | D79: Colorado | E79: Implement differentiated vehicle registration and other fees that incentivize the purchase and use of zero-emission and lower-emission light-duty vehicles, and/or disincentivize the use of higher-emission vehicles based on vehicle size or efficiency in urban areas. | F79: PCAP pg. 37-39 | G79: Transportation | J79: Increase the deployment of electric vehicles | K79: Encourage deployment of higher fuel efficiency vehicles | N79: State; County Governments; Local Governments | O79: Unspecified | P79: 74100 | Q79: 2025-2030 | R79: 527600 | S79: 2025-2050 | T79: Custom-built tool | U79: Energy Policy Simulator | V79: Qualitative | W79: No | X79: None | Y79: N/A | Z79: None | AA79: N/A
A80: Colorado Priority Climate Action Plan | B80: https://www.epa.gov/system/files/documents/2024-03/colorado-pcap.pdf | C80: Colorado Energy Office | D80: Colorado | E80: Implement differentiated vehicle registration and other fees that incentivize the purchase and use of zero-emission and lower-emission light-duty vehicles, and/or disincentivize the use of higher-emission vehicles based on vehicle size or efficiency in suburban areas. | F80: PCAP pg. 37-39 | G80: Transportation | J80: Increase the deployment of electric vehicles | K80: Encourage deployment of higher fuel efficiency vehicles | N80: State; County Governments; Local Governments | O80: Unspecified | P80: 28600 | Q80: 2025-2030 | R80: 191000 | S80: 2025-2050 | T80: Custom-built tool | U80: Energy Policy Simulator | V80: Qualitative | W80: No | X80: None | Y80: N/A | Z80: None | AA80: N/A
A81: Colorado Priority Climate Action Plan | B81: https://www.epa.gov/system/files/documents/2024-03/colorado-pcap.pdf | C81: Colorado Energy Office | D81: Colorado | E81: Implement differentiated vehicle registration and other fees that incentivize the purchase and use of zero-emission and lower-emission light-duty vehicles, and/or disincentivize the use of higher-emission vehicles based on vehicle size or efficiency in rural areas. | F81: PCAP pg. 37-39 | G81: Transportation | J81: Increase the deployment of electric vehicles | K81: Encourage deployment of higher fuel efficiency vehicles | N81: State; County Governments; Local Governments | O81: Unspecified | P81: 3600 | Q81: 2025-2030 | R81: 24800 | S81: 2025-2050 | T81: Custom-built tool | U81: Energy Policy Simulator | V81: Qualitative | W81: No | X81: None | Y81: N/A | Z81: None | AA81: N/A
A82: Colorado Priority Climate Action Plan | B82: https://www.epa.gov/system/files/documents/2024-03/colorado-pcap.pdf | C82: Colorado Energy Office | D82: Colorado | E82: Adopt building energy codes that exceed the minimum requirements of House Bills 22-1362 and 23-1233 and exceed the building performance standards of the e Air Quality Control Commission Regulation 28, Part C in urban areas. | F82: PCAP pg. 41-43 | G82: Commercial and residential buildings | J82: Leverage building codes | N82: Local governments | O82: Unspecified | P82: 105800 | Q82: 2025-2030 | R82: 196900 | S82: 2025-2050 | T82: Custom-built tool | U82: Energy Policy Simulator | V82: Qualitative | W82: No | X82: None | Y82: N/A | Z82: None | AA82: N/A
A83: Colorado Priority Climate Action Plan | B83: https://www.epa.gov/system/files/documents/2024-03/colorado-pcap.pdf | C83: Colorado Energy Office | D83: Colorado | E83: Adopt building energy codes that exceed the minimum requirements of House Bills 22-1362 and 23-1233 and exceed the building performance standards of the e Air Quality Control Commission Regulation 28, Part C in suburban areas. | F83: PCAP pg. 41-43 | G83: Commercial and residential buildings | J83: Leverage building codes | N83: Local governments | O83: Unspecified | P83: 52200 | Q83: 2025-2030 | R83: 95100 | S83: 2025-2050 | T83: Custom-built tool | U83: Energy Policy Simulator | V83: Qualitative | W83: No | X83: None | Y83: N/A | Z83: None | AA83: N/A
A84: Colorado Priority Climate Action Plan | B84: https://www.epa.gov/system/files/documents/2024-03/colorado-pcap.pdf | C84: Colorado Energy Office | D84: Colorado | E84: Adopt building energy codes that exceed the minimum requirements of House Bills 22-1362 and 23-1233 and exceed the building performance standards of the e Air Quality Control Commission Regulation 28, Part C in rural areas. | F84: PCAP pg. 41-43 | G84: Commercial and residential buildings | J84: Leverage building codes | N84: Local governments | O84: Unspecified | P84: 3000 | Q84: 2025-2030 | R84: 5500 | S84: 2025-2050 | T84: Custom-built tool | U84: Energy Policy Simulator | V84: Qualitative | W84: No | X84: None | Y84: N/A | Z84: None | AA84: N/A
A85: Colorado Priority Climate Action Plan | B85: https://www.epa.gov/system/files/documents/2024-03/colorado-pcap.pdf | C85: Colorado Energy Office | D85: Colorado | E85: Encourage accessory dwelling units and attached homes in all urban residential areas. | F85: PCAP pg. 46-48 | G85: Transportation | J85: Build dense communities | N85: Local Governments; State | O85: Unspecified | P85: 112100 | Q85: 2025-2030 | R85: 812300 | S85: 2025-2050 | T85: Custom-built tool | U85: Energy Policy Simulator | V85: Qualitative | W85: No | X85: None | Y85: N/A | Z85: None | AA85: N/A
A86: Colorado Priority Climate Action Plan | B86: https://www.epa.gov/system/files/documents/2024-03/colorado-pcap.pdf | C86: Colorado Energy Office | D86: Colorado | E86: Encourage accessory dwelling units and attached homes in all suburban residential areas. | F86: PCAP pg. 46-48 | G86: Transportation | J86: Build dense communities | N86: Local Governments; State | O86: Unspecified | P86: 63500 | Q86: 2025-2030 | R86: 386100 | S86: 2025-2050 | T86: Custom-built tool | U86: Energy Policy Simulator | V86: Qualitative | W86: No | X86: None | Y86: N/A | Z86: None | AA86: N/A
A87: Colorado Priority Climate Action Plan | B87: https://www.epa.gov/system/files/documents/2024-03/colorado-pcap.pdf | C87: Colorado Energy Office | D87: Colorado | E87: Encourage accessory dwelling units and attached homes in all rural residential areas. | F87: PCAP pg. 46-48 | G87: Transportation | J87: Build dense communities | N87: Local Governments; State | O87: Unspecified | P87: 9200 | Q87: 2025-2030 | R87: 66800 | S87: 2025-2050 | T87: Custom-built tool | U87: Energy Policy Simulator | V87: Qualitative | W87: No | X87: None | Y87: N/A | Z87: None | AA87: N/A
A88: Colorado Priority Climate Action Plan | B88: https://www.epa.gov/system/files/documents/2024-03/colorado-pcap.pdf | C88: Colorado Energy Office | D88: Colorado | E88: Encourage multi-family housing and mixed-use development near transit and commercial urban areas. | F88: PCAP pg. 48-49 | G88: Transportation | J88: Build housing in transit connected locations | N88: Local Governments; State | O88: Unspecified | P88: 82800 | Q88: 2025-2030 | R88: 599900 | S88: 2025-2050 | T88: Custom-built tool | U88: Energy Policy Simulator | V88: Qualitative | W88: No | X88: None | Y88: N/A | Z88: None | AA88: N/A
A89: Colorado Priority Climate Action Plan | B89: https://www.epa.gov/system/files/documents/2024-03/colorado-pcap.pdf | C89: Colorado Energy Office | D89: Colorado | E89: Encourage multi-family housing and mixed-use development near transit and commercial suburban areas. | F89: PCAP pg. 48-49 | G89: Transportation | J89: Build housing in transit connected locations | N89: Local Governments; State | O89: Unspecified | P89: 23500 | Q89: 2025-2030 | R89: 142600 | S89: 2025-2050 | T89: Custom-built tool | U89: Energy Policy Simulator | V89: Qualitative | W89: No | X89: None | Y89: N/A | Z89: None | AA89: N/A
A90: Colorado Priority Climate Action Plan | B90: https://www.epa.gov/system/files/documents/2024-03/colorado-pcap.pdf | C90: Colorado Energy Office | D90: Colorado | E90: Encourage multi-family housing and mixed-use development near transit and commercial rural areas. | F90: PCAP pg. 48-49 | G90: Transportation | J90: Build housing in transit connected locations | N90: Local Governments; State | O90: Unspecified | P90: 3400 | Q90: 2025-2030 | R90: 24700 | S90: 2025-2050 | T90: Custom-built tool | U90: Energy Policy Simulator | V90: Qualitative | W90: No | X90: None | Y90: N/A | Z90: None | AA90: N/A
A91: Colorado Priority Climate Action Plan | B91: https://www.epa.gov/system/files/documents/2024-03/colorado-pcap.pdf | C91: Colorado Energy Office | D91: Colorado | E91: Update land use codes to reduce or eliminate minimum vehicle parking requirements, apply parking maximum requirements, and/or other local parking reduction policies, while encouraging or requiring bicycle parking in urban areas. | F91: PCAP pg. 51-52 | G91: Transportation | J91: Increase active transportation | K91: Build dense communities | N91: Local Governments; State | O91: Unspecified | P91: 42000 | Q91: 2025-2030 | R91: 281900 | S91: 2025-2050 | T91: Custom-built tool | U91: Energy Policy Simulator | V91: Qualitative | W91: No | X91: None | Y91: N/A | Z91: None | AA91: N/A
A92: Colorado Priority Climate Action Plan | B92: https://www.epa.gov/system/files/documents/2024-03/colorado-pcap.pdf | C92: Colorado Energy Office | D92: Colorado | E92: Update land use codes to reduce or eliminate minimum vehicle parking requirements, apply parking maximum requirements, and/or other local parking reduction policies, while encouraging or requiring bicycle parking in suburban areas. | F92: PCAP pg. 51-52 | G92: Transportation | J92: Increase active transportation | K92: Build dense communities | N92: Local Governments; State | O92: Unspecified | P92: 14000 | Q92: 2025-2030 | R92: 81500 | S92: 2025-2050 | T92: Custom-built tool | U92: Energy Policy Simulator | V92: Qualitative | W92: No | X92: None | Y92: N/A | Z92: None | AA92: N/A
A93: Colorado Priority Climate Action Plan | B93: https://www.epa.gov/system/files/documents/2024-03/colorado-pcap.pdf | C93: Colorado Energy Office | D93: Colorado | E93: Update land use codes to reduce or eliminate minimum vehicle parking requirements, apply parking maximum requirements, and/or other local parking reduction policies, while encouraging or requiring bicycle parking in rural areas. | F93: PCAP pg. 51-52 | G93: Transportation | J93: Increase active transportation | K93: Build dense communities | N93: Local Governments; State | O93: Unspecified | P93: 1000 | Q93: 2025-2030 | R93: 6800 | S93: 2025-2050 | T93: Custom-built tool | U93: Energy Policy Simulator | V93: Qualitative | W93: No | X93: None | Y93: N/A | Z93: None | AA93: N/A
A94: Colorado Priority Climate Action Plan | B94: https://www.epa.gov/system/files/documents/2024-03/colorado-pcap.pdf | C94: Colorado Energy Office | D94: Colorado | E94: Adopt and implement local policies to reduce waste, increase diversion rates, and reduce emissions associated with waste and waste hauling in urban areas. | F94: PCAP pg. 55-56 | G94: Waste and materials management | H94: Transportation | J94: Increase recycling | K94: Increase composting | L94: Reduce vehicle miles traveled | N94: Local governments | O94: Unspecified | P94: 96600 | Q94: 2025-2030 | R94: 492000 | S94: 2025-2050 | T94: Custom-built tool | U94: Energy Policy Simulator | V94: Qualitative | W94: No | X94: None | Y94: N/A | Z94: None | AA94: N/A
A95: Colorado Priority Climate Action Plan | B95: https://www.epa.gov/system/files/documents/2024-03/colorado-pcap.pdf | C95: Colorado Energy Office | D95: Colorado | E95: Adopt and implement local policies to reduce waste, increase diversion rates, and reduce emissions associated with waste and waste hauling in suburban areas. | F95: PCAP pg. 55-56 | G95: Waste and materials management | H95: Transportation | J95: Increase recycling | K95: Increase composting | L95: Reduce vehicle miles traveled | N95: Local governments | O95: Unspecified | P95: 46900 | Q95: 2025-2030 | R95: 222000 | S95: 2025-2050 | T95: Custom-built tool | U95: Energy Policy Simulator | V95: Qualitative | W95: No | X95: None | Y95: N/A | Z95: None | AA95: N/A
A96: Colorado Priority Climate Action Plan | B96: https://www.epa.gov/system/files/documents/2024-03/colorado-pcap.pdf | C96: Colorado Energy Office | D96: Colorado | E96: Adopt and implement local policies to reduce waste, increase diversion rates, and reduce emissions associated with waste and waste hauling in rural areas. | F96: PCAP pg. 55-56 | G96: Waste and materials management | H96: Transportation | J96: Increase recycling | K96: Increase composting | L96: Reduce vehicle miles traveled | N96: Local governments | O96: Unspecified | P96: 5900 | Q96: 2025-2030 | R96: 28900 | S96: 2025-2050 | T96: Custom-built tool | U96: Energy Policy Simulator | V96: Qualitative | W96: No | X96: None | Y96: N/A | Z96: None | AA96: N/A
A97: Colorado Priority Climate Action Plan | B97: https://www.epa.gov/system/files/documents/2024-03/colorado-pcap.pdf | C97: Colorado Energy Office | D97: Colorado | E97: Adopt policies or targets to convert refuse trucks to zero emission vehicles, and provide incentives for vehicles or their infrastructure in urban areas. | F97: PCAP pg. 56-58 | G97: Transportation | J97: Increase the deployment of electric MDVs and/or HDVs | K97: Electrify government and/or publicly owned vehicle fleets | N97: Local governments | O97: Unspecified | P97: 9300 | Q97: 2030 | R97: 72700 | S97: 2050 | T97: Custom-built tool | U97: Energy Policy Simulator | V97: Qualitative | W97: No | X97: None | Y97: N/A | Z97: None | AA97: N/A
A98: Colorado Priority Climate Action Plan | B98: https://www.epa.gov/system/files/documents/2024-03/colorado-pcap.pdf | C98: Colorado Energy Office | D98: Colorado | E98: Adopt policies or targets to convert refuse trucks to zero emission vehicles, and provide incentives for vehicles or their infrastructure in suburban areas. | F98: PCAP pg. 56-58 | G98: Transportation | J98: Increase the deployment of electric MDVs and/or HDVs | K98: Electrify government and/or publicly owned vehicle fleets | N98: Local governments | O98: Unspecified | P98: 3600 | Q98: 2030 | R98: 26000 | S98: 2050 | T98: Custom-built tool | U98: Energy Policy Simulator | V98: Qualitative | W98: No | X98: None | Y98: N/A | Z98: None | AA98: N/A
A99: Colorado Priority Climate Action Plan | B99: https://www.epa.gov/system/files/documents/2024-03/colorado-pcap.pdf | C99: Colorado Energy Office | D99: Colorado | E99: Adopt policies or targets to convert refuse trucks to zero emission vehicles, and provide incentives for vehicles or their infrastructure in rural areas. | F99: PCAP pg. 56-58 | G99: Transportation | J99: Increase the deployment of electric MDVs and/or HDVs | K99: Electrify government and/or publicly owned vehicle fleets | N99: Local governments | O99: Unspecified | P99: 400 | Q99: 2030 | R99: 3400 | S99: 2050 | T99: Custom-built tool | U99: Energy Policy Simulator | V99: Qualitative | W99: No | X99: None | Y99: N/A | Z99: None | AA99: N/A
A100: Colorado Priority Climate Action Plan | B100: https://www.epa.gov/system/files/documents/2024-03/colorado-pcap.pdf | C100: Colorado Energy Office | D100: Colorado | E100: Expand on community scale renewable energy projects. | F100: PCAP pg. 71-73 | G100: Electricity | J100: Support development or expansion of community solar programs | N100: Ute Mountain Ute Tribe | O100: Unspecified | P100: 4099 | Q100: Unspecified | R100: Unspecified | S100: N/A | T100: Custom-built tool | U100: Energy Policy Simulator | V100: Qualitative | W100: No | X100: None | Y100: N/A | Z100: None | AA100: N/A
...

Sheet LIDAC
A1: PCAP Title | B1: PCAP Link | C1: Lead Organization | D1: State | E1: Tool Used | G1: Description of Community Engagement Approach | J1: Plan-Level LIDAC Analysis Included? | K1: Measure-Level LIDAC Analysis Included? | L1: Anticipated LIDAC Impacts from Climate Change | M1: Anticipated LIDAC Benefits from GHG Reduction Measures | N1: Potential LIDAC Disbenefits from GHG Reduction Measures
E2: EJScreen and/or CEJST Used? | F2: Other Tool Used | G2: LIDAC Engagement | H2: Type of LIDAC Engagement | I2: Broader Community Engagement
A3: Louisiana Climate Action Plan | B3: https://doa.louisiana.gov/media/y2xdrb22/louisiana-priority-climate-action-plan.pdf | C3: Louisiana Division of Administration | D3: Louisiana | E3: CEJST | F3: N/A | G3: The State conducted in-person community meetings in St. James Parish and the cities of Shreveport and Lake Charles. These locations were chosen based on the heaviest GHG and co-pollutant emissions concentrations and significant concentrations of low to moderate income households and LIDAC representation. | H3: Events and meetings; Participant accessibility and incentives | I3: Louisiana developed an outreach plan inclusive of state, local, and tribal government coordination building on the 2022 CAP engagement already completed; Climate Initiatives Task force conducted public and online workshop-style meetings; Engaged sectoral experts. | J3: Quantitative and Qualitative | K3: {=IF(SUMPRODUCT(('GHG Reduction Measures'!$A$2:$A$940=A3)*('GHG Reduction Measures'!$V$2:$V$940="Both"))>0,"Quantitative and Qualitative", IF(SUMPRODUCT(('GHG Reduction Measures'!$A$2:$A$940=A3)*('GHG Reduction Measures'!$V$2:$V$940="Quantitative"))>0, IF(SUMPRODUCT(('GHG Reduction Measures'!$A$2:$A$940=A3)*('GHG Reduction Measures'!$V$2:$V$940="Qualitative"))>0,"Quantitative and Qualitative","Quantitative"), IF(SUMPRODUCT(('GHG Reduction Measures'!$A$2:$A$940=A3)*('GHG Reduction Measures'!$V$2:$V$940="Qualitative"))>0,"Qualitative","None")))} -> Qualitative | L3: Extreme cold; Flooding; Storms; Public health and mortality; Economic/productivity losses; Air quality; Cost increases | M3: Jobs and workforce; Affordability and cost savings; Air quality; Public health; Resilience; Access to and quality of services and amenities | N3: Unspecified
A4: Tennessee Volunteer Emissions Reduction Strategy | B4: https://www.epa.gov/system/files/documents/2024-02/tn-pcap.pdf | C4: Tennessee Department of Environment and Conservation | D4: Tennessee | E4: Both | F4: N/A | G4: Project Team compiled Community Reports for the five largest population centers where public meetings were held. These reports used EJScreen to summarize demographic info and assess environmental justice indices. Measures included translating public surveys into Spanish, translating meeting promotional info into Arabic and Spanish, an option to request interpretive services (no requests made). Community Reports were used to enhance outreach efforts to LIDAC communities- direct mailers campaign, personalized email invitations, and individual presentations to community groups. | H4: Events and meetings; Engagement plans and metrics; Publicity; Participant accessibility and incentives | I4: Email newsletters sent to share program information, personalized emails encouraging participation and sharing option to request speakers for a neighborhood/community/organization (5 presentations to community groups); Engagement materials at tabling events; Combination of virtual and in-person meetings to share program information and receive feedback; Public survey, receiving 1,639 responses | J4: Qualitative | K4: {=IF(SUMPRODUCT(('GHG Reduction Measures'!$A$2:$A$940=A4)*('GHG Reduction Measures'!$V$2:$V$940="Both"))>0,"Quantitative and Qualitative", IF(SUMPRODUCT(('GHG Reduction Measures'!$A$2:$A$940=A4)*('GHG Reduction Measures'!$V$2:$V$940="Quantitative"))>0, IF(SUMPRODUCT(('GHG Reduction Measures'!$A$2:$A$940=A4)*('GHG Reduction Measures'!$V$2:$V$940="Qualitative"))>0,"Quantitative and Qualitative","Quantitative"), IF(SUMPRODUCT(('GHG Reduction Measures'!$A$2:$A$940=A4)*('GHG Reduction Measures'!$V$2:$V$940="Qualitative"))>0,"Qualitative","None")))} -> Qualitative | L4: Extreme heat; Extreme cold; Flooding; Air quality | M4: Economic growth; Jobs and workforce; Affordability and cost savings; Air quality; Public health; Resilience; Access to and quality of services and amenities; Capacity-building; Other; Natural resource conservation and enhancement | N4: Unspecified
A5: Missouri Plan for Environmental Improvement Grants | B5: https://www.epa.gov/system/files/documents/2024-02/missouri-plan-for-environmental-improvement-grants.pdf | C5: Missouri Department of Natural Resources | D5: Missouri | E5: CEJST | F5: No | G5: Subgrantees were encouraged to engage LIDACS and support participation by those communities through convenient scheduling of meeting times and locations. Provided translation and interpretation services at all meetings. | H5: Events and meetings; Participant accessibility and incentives | I5: Online and in person events and webinars; formed an interested parties and stakeholder list; provided kickoff and sector details workshops; contacted via email and with fliers; public review of draft; outreach by regional planning groups | J5: Qualitative | K5: {=IF(SUMPRODUCT(('GHG Reduction Measures'!$A$2:$A$940=A5)*('GHG Reduction Measures'!$V$2:$V$940="Both"))>0,"Quantitative and Qualitative", IF(SUMPRODUCT(('GHG Reduction Measures'!$A$2:$A$940=A5)*('GHG Reduction Measures'!$V$2:$V$940="Quantitative"))>0, IF(SUMPRODUCT(('GHG Reduction Measures'!$A$2:$A$940=A5)*('GHG Reduction Measures'!$V$2:$V$940="Qualitative"))>0,"Quantitative and Qualitative","Quantitative"), IF(SUMPRODUCT(('GHG Reduction Measures'!$A$2:$A$940=A5)*('GHG Reduction Measures'!$V$2:$V$940="Qualitative"))>0,"Qualitative","None")))} -> Qualitative | L5: Extreme heat; Drought; Economic/productivity losses; Cost increases | M5: Economic growth; Jobs and workforce; Affordability and cost savings; Air quality; Public health; Capacity-building; Other | N5: Displacement; Cost increases
A6: Kansas Emission Reduction and Mitigation Plan | B6: https://www.epa.gov/system/files/documents/2024-02/kansas-pcap.pdf | C6: Kansas Department of Health and Environment | D6: Kansas | E6: Both | F6: N/A | G6: More than 50% of participants in general community engagement efforts serve at least one low-income disadvantaged community. | H6: Events and meetings | I6: KDHE partnered with Wichita State University (WSU) Environmental Finance Center and Heartland Environmental Justice Center to develop, schedule, and promote a series of in-person and virtual public meetings. Environmental Finance Center (EFC) staff identified and invited 536 participants across all 105 Kansas counties, to a series of public engagement meetings, both in-person and virtual. Identified participants represented 467 organizations including, state agencies, commissions, councils, city and county staff, regional economic and planning organizations, non-profit organizations, community foundations, educational institutions, and more. Additionally, EFC staff hosted a booth at the Kansas Association of Counties (KAC) Conference Exposition. Staff connected with sixty (60) attendees and were able to provide an overview of E_x0002_RAMP, their opportunity for involvement, and the project submission form, for inclusion in the State’s priority action plan. Local governments across the state held public engagement meetings as a part of the E-RAMP program. | J6: None | K6: {=IF(SUMPRODUCT(('GHG Reduction Measures'!$A$2:$A$940=A6)*('GHG Reduction Measures'!$V$2:$V$940="Both"))>0,"Quantitative and Qualitative", IF(SUMPRODUCT(('GHG Reduction Measures'!$A$2:$A$940=A6)*('GHG Reduction Measures'!$V$2:$V$940="Quantitative"))>0, IF(SUMPRODUCT(('GHG Reduction Measures'!$A$2:$A$940=A6)*('GHG Reduction Measures'!$V$2:$V$940="Qualitative"))>0,"Quantitative and Qualitative","Quantitative"), IF(SUMPRODUCT(('GHG Reduction Measures'!$A$2:$A$940=A6)*('GHG Reduction Measures'!$V$2:$V$940="Qualitative"))>0,"Qualitative","None")))} -> Qualitative | L6: Extreme heat; Flooding; Storms; Public health and mortality; Economic/productivity losses | M6: Jobs and workforce; Affordability and cost savings; Air quality; Public health; Resilience; Access to and quality of services and amenities; Capacity-building; Other | N6: Unspecified
A7: Oregon's Priority Climate Action Plan | B7: https://www.epa.gov/system/files/documents/2024-02/oregon-cprg-pcap.pdf | C7: Oregon Department of Environmental Quality | D7: Oregon | E7: Both | F7: N/A | G7: None | H7: Unspecified | I7: Region 10 listserv; Email listservs; Engage at existing virtual meeting; In person presentation to legislators; In person presentation to legislators; Email listservs, posters, and word of mouth; Engage by tabling and conversations at LOC conference; Engage at annual forum coordinated by a hosting Tribe and EPA; Letters to Tribal Leadership and Natural Resource Staff; LOC membership email – virtual and survey; Engage at existing virtual meeting; Webinar; Survey; Engage at existing virtual meeting; Engage at existing EQC meeting; Engage at existing meeting | J7: Qualitative | K7: {=IF(SUMPRODUCT(('GHG Reduction Measures'!$A$2:$A$940=A7)*('GHG Reduction Measures'!$V$2:$V$940="Both"))>0,"Quantitative and Qualitative", IF(SUMPRODUCT(('GHG Reduction Measures'!$A$2:$A$940=A7)*('GHG Reduction Measures'!$V$2:$V$940="Quantitative"))>0, IF(SUMPRODUCT(('GHG Reduction Measures'!$A$2:$A$940=A7)*('GHG Reduction Measures'!$V$2:$V$940="Qualitative"))>0,"Quantitative and Qualitative","Quantitative"), IF(SUMPRODUCT(('GHG Reduction Measures'!$A$2:$A$940=A7)*('GHG Reduction Measures'!$V$2:$V$940="Qualitative"))>0,"Qualitative","None")))} -> Qualitative | L7: Extreme heat; Flooding; Storms; Wildfire; Drought | M7: Economic growth; Jobs and workforce; Affordability and cost savings; Air quality; Public health | N7: Unspecified
A8: Climate Pollution Reduction Grant Priority Climate Action Plan | B8: https://www.epa.gov/system/files/documents/2024-02/vermont-cprg-priority-climate-action-plan.pdf | C8: Vermont Agency of Natural Resources, Department of Environmental Conservation | D8: Vermont | E8: CEJST | F8: N/A | G8: The Climate Action Office’s community engagement plan was designed in partnership with the Agency of Natural Resources Environmental Justice (EJ) Unit. The EJ Unit supports the implementation of Vermont’s environmental justice law (Act 154) that requires Vermont to “provide the opportunity for the meaningful participation of all individuals with particular attention to environmental justice focus populations, in the development, implementation, or enforcement of any law, regulation, or policy.” | H8: Unspecified | I8: - Vermont's Climate Action Office (CAO) held two virtual public meetings - CAO also briefed Vermont’s Climate Council to receive additional input | J8: Qualitative | K8: {=IF(SUMPRODUCT(('GHG Reduction Measures'!$A$2:$A$940=A8)*('GHG Reduction Measures'!$V$2:$V$940="Both"))>0,"Quantitative and Qualitative", IF(SUMPRODUCT(('GHG Reduction Measures'!$A$2:$A$940=A8)*('GHG Reduction Measures'!$V$2:$V$940="Quantitative"))>0, IF(SUMPRODUCT(('GHG Reduction Measures'!$A$2:$A$940=A8)*('GHG Reduction Measures'!$V$2:$V$940="Qualitative"))>0,"Quantitative and Qualitative","Quantitative"), IF(SUMPRODUCT(('GHG Reduction Measures'!$A$2:$A$940=A8)*('GHG Reduction Measures'!$V$2:$V$940="Qualitative"))>0,"Qualitative","None")))} -> Qualitative | L8: Extreme heat; Extreme cold; Flooding; Storms; Wildfire; Drought; Public health and mortality; Air quality | M8: Jobs and workforce; Affordability and cost savings; Air quality; Public health; Resilience; Access to and quality of services and amenities; Other; Natural resource conservation and enhancement | N8: Unspecified
A9: Priority Climate Action Plan (PCAP) | B9: https://www.epa.gov/system/files/documents/2024-02/washington-cprg-pcap.pdf | C9: Washington State Department of Commerce | D9: Washington | E9: Both | F9: Washington Environmental Health Disparities (EHD) Map | G9: Unspecified | H9: Unspecified | I9: Commerce established the Washington Climate Pollution Reduction Grant Program website upon receiving the grant, serving as a central hub for information, meeting announcements, and collaboration opportunities related to the Washington Climate Pollution Reduction Grant Program. Engagement strategies encompassed various channels, including email lists, social media, public surveys, online meetings, public comment periods, and a dedicated portal for submitting ideas and input. | J9: None | K9: {=IF(SUMPRODUCT(('GHG Reduction Measures'!$A$2:$A$940=A9)*('GHG Reduction Measures'!$V$2:$V$940="Both"))>0,"Quantitative and Qualitative", IF(SUMPRODUCT(('GHG Reduction Measures'!$A$2:$A$940=A9)*('GHG Reduction Measures'!$V$2:$V$940="Quantitative"))>0, IF(SUMPRODUCT(('GHG Reduction Measures'!$A$2:$A$940=A9)*('GHG Reduction Measures'!$V$2:$V$940="Qualitative"))>0,"Quantitative and Qualitative","Quantitative"), IF(SUMPRODUCT(('GHG Reduction Measures'!$A$2:$A$940=A9)*('GHG Reduction Measures'!$V$2:$V$940="Qualitative"))>0,"Qualitative","None")))} -> Qualitative | L9: Unspecified | M9: Economic growth; Jobs and workforce; Affordability and cost savings; Air quality; Resilience | N9: Unspecified
A10: State of Alaska Priority Sustainable Energy Action Plan | B10: https://www.epa.gov/system/files/documents/2024-03/ak-priority-sustainable-energy-plan.pdf | C10: Alaska Department of Environmental Management | D10: Alaska | E10: Both | F10: USDA Rural Development Distressed Energy Communities; AEA's Power Cost Equalization communities | G10: Alaska DEC has focused on coordinating their outreach and engagement efforts with Tribes and tribal consortia through the CPRG Working Group. The working group meets bi-weekly. More robust stakeholder engagement and consultation will occur for the CCAP. | H10: Advisory groups | I10: Several public presentations about CPRG and the development of this plan have been given by AML staff and in coordination with ANTHC’s planning team at major events like the Infrastructure Symposium and Alaska Local Government Conference. There have also been several smaller virtual and in-person presentations to groups including the Alaska Municipal Climate Network and the Alaska Environmental Health Association | J10: Qualitative | K10: {=IF(SUMPRODUCT(('GHG Reduction Measures'!$A$2:$A$940=A10)*('GHG Reduction Measures'!$V$2:$V$940="Both"))>0,"Quantitative and Qualitative", IF(SUMPRODUCT(('GHG Reduction Measures'!$A$2:$A$940=A10)*('GHG Reduction Measures'!$V$2:$V$940="Quantitative"))>0, IF(SUMPRODUCT(('GHG Reduction Measures'!$A$2:$A$940=A10)*('GHG Reduction Measures'!$V$2:$V$940="Qualitative"))>0,"Quantitative and Qualitative","Quantitative"), IF(SUMPRODUCT(('GHG Reduction Measures'!$A$2:$A$940=A10)*('GHG Reduction Measures'!$V$2:$V$940="Qualitative"))>0,"Qualitative","None")))} -> Qualitative | L10: Extreme cold; Cost increases | M10: Economic growth; Jobs and workforce; Affordability and cost savings; Air quality; Public health; Resilience; Access to and quality of services and amenities; Capacity-building | N10: Unspecified
A11: Massachusetts Priority Climate Action Plan | B11: https://www.epa.gov/system/files/documents/2024-03/massachusetts-pcap.pdf | C11: Massachusetts Department of Transportation | D11: Massachusetts | E11: Both | F11: N/A | G11: The CPRG team worked closely with the Environmental Justice Office of the Secretariat of Energy and Environmental Affairs to convene a monthly Justice40 and Equitable Investment Working Group. With over 75 organizations invited and consistent participation from about 35 organizations, the Justice40 Group represents an important cross-section of environmental justice organizations from across the Commonwealth representing community members from many federally defined LIDAC communities. The Justice40 Group met six times to address topics related to the CPRG PCAP as well as other federal funding opportunities. The CPRG team also held multiple small-group conversations with environmental justice leaders to address particular topics and to hear their perspective on priority areas for the PCAP and decarbonization priorities overall. Topics included the increased energy burden that may arise from electrification of affordable housing or existing mapping tools to track the environmental justice burden on communities across the Commonwealth. The CPRG team also held two community meetings to gather additional feedback on the draft PCAP. | H11: Events and meetings; Advisory groups | I11: The CPRG PCAP development process leveraged existing forums of the Global Warming Solutions Act Implementation Advisory Council (GWSA IAC). The GWSA IAC includes over 18 independent experts in climate mitigation. The GWSA IAC met with the CPRG Project Staff in June and October 2023 to discuss potential project measures and to understand how the PCAP could best build upon the areas identified in the CECP. In addition, the GWSA sector work groups related to transportation, buildings, and power each met with the CPRG team to provide specific input on the measures within each sector. The CPRG PCAP development process also leveraged the existing Environmental Justice Council to receive high-level feedback on the environmental justice priorities of leading organizations across the Commonwealth. The Climate Office solicited written input to the PCAP in three phases: first, a detailed survey to evaluate and prioritize measures in the fall of 2023; secondly, a public comment period for input on the final list of priority measures in January 2024; lastly, a public comment period in February 2024 to review the first draft of the PCAP. Across these three input periods, the Climate Office received 180 comments. | J11: Qualitative | K11: {=IF(SUMPRODUCT(('GHG Reduction Measures'!$A$2:$A$940=A11)*('GHG Reduction Measures'!$V$2:$V$940="Both"))>0,"Quantitative and Qualitative", IF(SUMPRODUCT(('GHG Reduction Measures'!$A$2:$A$940=A11)*('GHG Reduction Measures'!$V$2:$V$940="Quantitative"))>0, IF(SUMPRODUCT(('GHG Reduction Measures'!$A$2:$A$940=A11)*('GHG Reduction Measures'!$V$2:$V$940="Qualitative"))>0,"Quantitative and Qualitative","Quantitative"), IF(SUMPRODUCT(('GHG Reduction Measures'!$A$2:$A$940=A11)*('GHG Reduction Measures'!$V$2:$V$940="Qualitative"))>0,"Qualitative","None")))} -> Qualitative | L11: Extreme heat; Flooding; Storms; Public health and mortality; Air quality | M11: Economic growth; Jobs and workforce; Air quality; Public health; Resilience; Access to and quality of services and amenities; Other | N11: Displacement; Cost increases
A12: EPA Climate Pollution Reduction Grant Planning Grant First Deliverable: A Priority Climate Action Plan | B12: https://www.epa.gov/system/files/documents/2024-03/connecticut-state-pcap.pdf | C12: Department of Energy and Environmental Protection State of Connecticut | D12: Connecticut | E12: Both | F12: N/A | G12: CPRG LIDAC Advisory Group; Connecticut Equity and Environmental Justice Advisory Council (CEEJAC); December 18, 2023 public meeting presenting the 14 climate actions in the PCAP with opportunity for feedback at an accessible time (6 p.m.) and with simultaneous live Spanish translation. A recording of the presentations in this meeting is available in English and Spanish in the State’s CPRG website as a lasting tool to convey the actions included in the PCAP; Meeting with the Bridgeport Regional Energy Partnership and MetroCOG. Bridgeport is a LIDAC and CT Environmental Justice Community; Heat pumps 101 and Energy efficiency workshops with the North Hartford Partnership. Hartford is a LIDAC and CT Environmental Justice Community | H12: Events and meetings; Publicity; Participant accessibility and incentives | I12: State CPRG webpage, CT DEEP Climate Solutions Newsletter email list and other CT DEEP mailing lists, Social Media, Public Comment Survey. | J12: Qualitative | K12: {=IF(SUMPRODUCT(('GHG Reduction Measures'!$A$2:$A$940=A12)*('GHG Reduction Measures'!$V$2:$V$940="Both"))>0,"Quantitative and Qualitative", IF(SUMPRODUCT(('GHG Reduction Measures'!$A$2:$A$940=A12)*('GHG Reduction Measures'!$V$2:$V$940="Quantitative"))>0, IF(SUMPRODUCT(('GHG Reduction Measures'!$A$2:$A$940=A12)*('GHG Reduction Measures'!$V$2:$V$940="Qualitative"))>0,"Quantitative and Qualitative","Quantitative"), IF(SUMPRODUCT(('GHG Reduction Measures'!$A$2:$A$940=A12)*('GHG Reduction Measures'!$V$2:$V$940="Qualitative"))>0,"Qualitative","None")))} -> Qualitative | L12: Extreme heat; Flooding; Storms; Wildfire; Drought; Public health and mortality; Air quality | M12: Jobs and workforce; Affordability and cost savings; Air quality; Public health; Resilience; Access to and quality of services and amenities; Other | N12: Cost increases; Job Loss
A13: Michigan Department of Environment, Great Lakes, and Energy | B13: https://www.epa.gov/system/files/documents/2024-03/michigan-egle-pcap.pdf | C13: Michigan Department of Environment, Great Lakes, and Energy | D13: Michigan | E13: Both | F13: MiEJScreen | G13: General locations for engagement sessions were selected with low income and disadvantaged communities in mind. Of the six counties with the highest amount of census tracts identified as LIDACs, five of them are within close proximity to Detroit and Flint, comprising 55% of all census tracts identified by CEJST as LIDACs. The remaining county is Kent County, where the Grand Rapids engagement was held. Petoskey and Marquette also have identified LIDAC census tracts. Michigan’s Upper Peninsula, where the Marquette engagement was held, is also identified by the DOE as a Priority Energy Community, meaning supplemental resources are provided to these communities as they are vulnerable to coal job loss impacts. | H13: Events and meetings; Participant accessibility and incentives | I13: Southeast Michigan Council of Government (SEMCOG) and Grand Valley Metro Council (GVMC) were the two Michigan MSAs that received funding to develop their own PCAPs, EGLE met with SEMCOG and GVMC on a biweekly basis to share approach, status, and provide overall collaboration and alignment throughout the process. Separately, Michigan met with all twelve of Michigan’s federally recognized tribal governments regularly and bi-weekly with those tribes that received a CPRG planning grant. Some other entities with ongoing relationships that provided input on the PCAP whether directly or indirectly include the Michigan Advisory Council on Environmental Justice (MAC-EJ), Upper Peninsula (UP) Clean Energy Coalition, Catalyst Communities, Council on Climate Solutions, EGLE Climate Liaisons, interagency groups, community members, regional planning districts, municipalities, utilities, universities, students, labor unions and associations, and more. EGLE focused most of each session on the group activity and discussion. As a result, about 25% of the time spent was used to educate and excite communities about Michigan’s climate plans and progress and 75% of the time was spent on group activities. The sessions were organized around the MI Healthy Climate Plan pillars that correspond to key industry sectors. | J13: Qualitative | K13: {=IF(SUMPRODUCT(('GHG Reduction Measures'!$A$2:$A$940=A13)*('GHG Reduction Measures'!$V$2:$V$940="Both"))>0,"Quantitative and Qualitative", IF(SUMPRODUCT(('GHG Reduction Measures'!$A$2:$A$940=A13)*('GHG Reduction Measures'!$V$2:$V$940="Quantitative"))>0, IF(SUMPRODUCT(('GHG Reduction Measures'!$A$2:$A$940=A13)*('GHG Reduction Measures'!$V$2:$V$940="Qualitative"))>0,"Quantitative and Qualitative","Quantitative"), IF(SUMPRODUCT(('GHG Reduction Measures'!$A$2:$A$940=A13)*('GHG Reduction Measures'!$V$2:$V$940="Qualitative"))>0,"Qualitative","None")))} -> Qualitative | L13: Extreme heat; Flooding; Storms; Public health and mortality; Economic/productivity losses; Air quality | M13: Economic growth; Jobs and workforce; Affordability and cost savings; Air quality; Public health; Resilience; Access to and quality of services and amenities; Capacity-building; Other | N13: Unspecified
A14: Priority Climate Action Plan | B14: https://www.epa.gov/system/files/documents/2024-03/new-mexico-priority-climate-action-plan.pdf | C14: New Mexico Environment Department and the Energy, Minerals and Natural Resources Department | D14: New Mexico | E14: Both | F14: N/A | G14: Developing a state CPRG website, hosting an online survey; engaging with a community outreach coordinator; setting up meetings with Tribes, Nations, and Pueblos, engaging with rural residents, Discussing opportunities and overlap with metropolitan and rural transportation planning organizations; Reaching out to other New Mexico state agencies including NMDOT, NMEDD, NMDWS, NMPED, and NMMFA; collaborating in workshops; participating in meetings with local city, town, and county governments. | H14: Events and meetings; Surveys | I14: Digital Engagement: website updates and optimization, social media campaigns, email outreach; Phone and Text Outreach: phone surveys, text message alerts; Events and Workshops: town hall meetings, webinars and online workshops, community forums, training sessions for coalition collaborators | J14: Quantitative and Qualitative | K14: {=IF(SUMPRODUCT(('GHG Reduction Measures'!$A$2:$A$940=A14)*('GHG Reduction Measures'!$V$2:$V$940="Both"))>0,"Quantitative and Qualitative", IF(SUMPRODUCT(('GHG Reduction Measures'!$A$2:$A$940=A14)*('GHG Reduction Measures'!$V$2:$V$940="Quantitative"))>0, IF(SUMPRODUCT(('GHG Reduction Measures'!$A$2:$A$940=A14)*('GHG Reduction Measures'!$V$2:$V$940="Qualitative"))>0,"Quantitative and Qualitative","Quantitative"), IF(SUMPRODUCT(('GHG Reduction Measures'!$A$2:$A$940=A14)*('GHG Reduction Measures'!$V$2:$V$940="Qualitative"))>0,"Qualitative","None")))} -> Qualitative | L14: Extreme heat; Extreme cold; Wildfire; Drought; Public health and mortality; Air quality | M14: Economic growth; Jobs and workforce; Affordability and cost savings; Air quality; Public health; Resilience; Access to and quality of services and amenities; Capacity-building; Other | N14: Displacement; Cost increases
... A38: Gem State Air Quality Initiative Priority Plan | B38: https://www.epa.gov/system/files/documents/2024-03/idaho-priority-plan-for-gem-state-air-quality-initative.pdf | C38: State of Idaho Department of Environmental Quality | D38: Idaho | E38: Both | F38: N/A | G38: Unspecified | H38: Unspecified | I38: DEQ and the McClure Center hosted a hybrid kickoff meeting on October 19, 2023. A hybrid approach was essential to allow for participation from across the state. This kickoff meeting was publicized using email invitations to all agency directors, Idaho legislators, and general stakeholders listed in Section 6.1 below; posting on DEQ's GSAQI website; posting on Townhall Idaho website; posting in the University of Idaho Extension newsletter, and posting in the Association of Idaho Cities and the Idaho Association of Counties newsletters. In addition to the hybrid kickoff meeting, DEQ and the McClure Center met with stakeholders and the public throughout the development of Idaho’s Priority Plan. All stakeholders were encouraged to submit ideas related to measures and projects they wanted to see included in Idaho’s Priority Plan. | J38: Qualitative | K38: {=IF(SUMPRODUCT(('GHG Reduction Measures'!$A$2:$A$940=A38)*('GHG Reduction Measures'!$V$2:$V$940="Both"))>0,"Quantitative and Qualitative", IF(SUMPRODUCT(('GHG Reduction Measures'!$A$2:$A$940=A38)*('GHG Reduction Measures'!$V$2:$V$940="Quantitative"))>0, IF(SUMPRODUCT(('GHG Reduction Measures'!$A$2:$A$940=A38)*('GHG Reduction Measures'!$V$2:$V$940="Qualitative"))>0,"Quantitative and Qualitative","Quantitative"), IF(SUMPRODUCT(('GHG Reduction Measures'!$A$2:$A$940=A38)*('GHG Reduction Measures'!$V$2:$V$940="Qualitative"))>0,"Qualitative","None")))} -> Qualitative | L38: Extreme heat; Extreme cold; Wildfire; Drought | M38: Economic growth; Jobs and workforce; Affordability and cost savings; Air quality; Public health; Resilience; Access to and quality of services and amenities; Capacity-building; Other; Natural resource conservation and enhancement | N38: Unspecified
A39: North Dakota Priority Action Plan | B39: https://www.epa.gov/system/files/documents/2024-03/nddeq-pcap-report.pdf | C39: North Dakota Department of Environmental Quality | D39: North Dakota | E39: Both | F39: N/A | G39: NDDEQ’s Environmental Justice Coordinator used in-person conversations, emails, phone calls, personal social media accounts, amplification of NDDEQ’s social media and LinkedIn posts, and the Change Network Community, a private Mighty Network online community, to connect with community members who are LIDAC leaders in North Dakota. | H39: Stakeholder mapping; Publicity | J39: Qualitative | K39: {=IF(SUMPRODUCT(('GHG Reduction Measures'!$A$2:$A$940=A39)*('GHG Reduction Measures'!$V$2:$V$940="Both"))>0,"Quantitative and Qualitative", IF(SUMPRODUCT(('GHG Reduction Measures'!$A$2:$A$940=A39)*('GHG Reduction Measures'!$V$2:$V$940="Quantitative"))>0, IF(SUMPRODUCT(('GHG Reduction Measures'!$A$2:$A$940=A39)*('GHG Reduction Measures'!$V$2:$V$940="Qualitative"))>0,"Quantitative and Qualitative","Quantitative"), IF(SUMPRODUCT(('GHG Reduction Measures'!$A$2:$A$940=A39)*('GHG Reduction Measures'!$V$2:$V$940="Qualitative"))>0,"Qualitative","None")))} -> Qualitative | L39: Extreme heat; Extreme cold; Flooding; Storms; Wildfire; Drought; Public health and mortality; Economic/productivity losses; Air quality; Cost increases | M39: Jobs and workforce; Air quality; Resilience; Natural resource conservation and enhancement | N39: Unspecified
A40: Puerto Rico Priority Climate Action Plan | B40: https://www.epa.gov/system/files/documents/2024-03/puerto-rico-pcap.pdf | C40: Puerto Rico Department of Natural and Environmental Resources | D40: Puerto Rico | E40: No | F40: US Census - Income and Poverty | G40: Unspecified | H40: Unspecified | I40: Unspecified | J40: Qualitative | K40: {=IF(SUMPRODUCT(('GHG Reduction Measures'!$A$2:$A$940=A40)*('GHG Reduction Measures'!$V$2:$V$940="Both"))>0,"Quantitative and Qualitative", IF(SUMPRODUCT(('GHG Reduction Measures'!$A$2:$A$940=A40)*('GHG Reduction Measures'!$V$2:$V$940="Quantitative"))>0, IF(SUMPRODUCT(('GHG Reduction Measures'!$A$2:$A$940=A40)*('GHG Reduction Measures'!$V$2:$V$940="Qualitative"))>0,"Quantitative and Qualitative","Quantitative"), IF(SUMPRODUCT(('GHG Reduction Measures'!$A$2:$A$940=A40)*('GHG Reduction Measures'!$V$2:$V$940="Qualitative"))>0,"Qualitative","None")))} -> None | L40: Unspecified | M40: Public health; Resilience; Natural resource conservation and enhancement; Jobs and workforce; Access to and quality of services and amenities; Other | N40: Unspecified
A41: Wisconsin Emissions Reduction Roadmap | B41: https://www.epa.gov/system/files/documents/2024-03/wi-emission-reduction-roadmap.pdf | C41: Wisconsin Department of Administration Office of Sustainability and Clean Energy | D41: Wisconsin | E41: Both | F41: N/A | G41: WI OSCE first conducted a gap analysis of existing stakeholder lists to ensure equitable engagement from all stakeholder groups, particularly those who will be impacted by the implementation of this roadmap. Throughout the CPRG planning process, the OSCE attended or presented at over 44 conferences, meetings, and events, with an estimated reach of 765 individual stakeholders statewide. No other specific LIDAC engagement discussed in the PCAP, besides tribal engagement. | H41: Stakeholder mapping; Events and meetings; | I41: As the WI OSCE developed the PCAP, they leveraged existing partnerships with state agencies, local governments, regional planning organizations, Native nations, and community organizations. OSCE attended or presented at over 44 conferences, meetings, and events, with an estimated reach of 765 individual stakeholders statewide. The OSCE also hosted a public stakeholder webinar and distributed a public input survey. | J41: Qualitative | K41: {=IF(SUMPRODUCT(('GHG Reduction Measures'!$A$2:$A$940=A41)*('GHG Reduction Measures'!$V$2:$V$940="Both"))>0,"Quantitative and Qualitative", IF(SUMPRODUCT(('GHG Reduction Measures'!$A$2:$A$940=A41)*('GHG Reduction Measures'!$V$2:$V$940="Quantitative"))>0, IF(SUMPRODUCT(('GHG Reduction Measures'!$A$2:$A$940=A41)*('GHG Reduction Measures'!$V$2:$V$940="Qualitative"))>0,"Quantitative and Qualitative","Quantitative"), IF(SUMPRODUCT(('GHG Reduction Measures'!$A$2:$A$940=A41)*('GHG Reduction Measures'!$V$2:$V$940="Qualitative"))>0,"Qualitative","None")))} -> Qualitative | L41: Extreme heat; Flooding; Storms; Drought; Public health and mortality; Economic/productivity losses; Air quality; Cost increases | M41: Economic growth; Jobs and workforce; Affordability and cost savings; Air quality; Public health; Resilience; Access to and quality of services and amenities; Capacity-building; Other | N41: Unspecified
A42: The Clean Arizona Plan Priority Climate Action Plan State of Arizona | B42: https://www.epa.gov/system/files/documents/2024-03/the-clean-arizona-plan.pdf | C42: The Executive Office of the State of Arizona | D42: Arizona | E42: CEJST | F42: N/A | G42: Online resources: State CPRG website, social media, and portal for submitting ideas; Community meetings across the state with options for in-person and online participation in English and Spanish; Targeted outreach to known community-based organizations; and Attendance at known community events to disseminate information about how to provide input. | H42: Stakeholder mapping; Publicity; Participant accessibility and incentives | I42: Stakeholder engagement involved targeted conversations with other PCAP recipients, potential implementation partners, non-profits, and businesses and community groups already working to advance resilience and climate action across the State of Arizona. During stakeholder engagement, conversations focused on where the state and other implementation grant-eligible entities have the capacity to implement actions that reduce greenhouse gas emissions and improve quality of life for Arizonans, particularly low-income and disadvantaged communities. These conversations resulted in a set of action areas that reflect both the need for climate action and where action can be taken across the state in a timeline that fits with that required by the implementation grants competition. | J42: Qualitative | K42: {=IF(SUMPRODUCT(('GHG Reduction Measures'!$A$2:$A$940=A42)*('GHG Reduction Measures'!$V$2:$V$940="Both"))>0,"Quantitative and Qualitative", IF(SUMPRODUCT(('GHG Reduction Measures'!$A$2:$A$940=A42)*('GHG Reduction Measures'!$V$2:$V$940="Quantitative"))>0, IF(SUMPRODUCT(('GHG Reduction Measures'!$A$2:$A$940=A42)*('GHG Reduction Measures'!$V$2:$V$940="Qualitative"))>0,"Quantitative and Qualitative","Quantitative"), IF(SUMPRODUCT(('GHG Reduction Measures'!$A$2:$A$940=A42)*('GHG Reduction Measures'!$V$2:$V$940="Qualitative"))>0,"Qualitative","None")))} -> Qualitative | L42: Extreme heat; Flooding; Wildfire; Drought; Public health and mortality; Economic/productivity losses; Air quality; Cost increase | M42: Economic growth; Jobs and workforce; Affordability and cost savings; Air quality; Public health; Access to and quality of services and amenities; Other | N42: Unspecified
A43: Priority Climate Action Plan State of Maryland | B43: https://www.epa.gov/system/files/documents/2024-03/mde-state-of-maryland-cprg-priority-climate-action-plan.pdf | C43: Maryland Department of the Environment | D43: Maryland | E43: Both | F43: N/A | G43: Appointed an Assistant Secretary for Environmental Justice, an Environmental Justice Coordinator, and a Community Liaison; participated in community advisory boards; developed guidelines for an enhanced public participation process; partnered with community members to develop data sharing guidelines; secured environmental crime fine; conducting environmental justice listening sessions; coordinating with the Commission on Environmental Justice and Sustainable Communities | H43: Engagement-focused staff or contractor; Engagement plans and metrics | I43: Unspecified | J43: Quantitative and Qualitative | K43: {=IF(SUMPRODUCT(('GHG Reduction Measures'!$A$2:$A$940=A43)*('GHG Reduction Measures'!$V$2:$V$940="Both"))>0,"Quantitative and Qualitative", IF(SUMPRODUCT(('GHG Reduction Measures'!$A$2:$A$940=A43)*('GHG Reduction Measures'!$V$2:$V$940="Quantitative"))>0, IF(SUMPRODUCT(('GHG Reduction Measures'!$A$2:$A$940=A43)*('GHG Reduction Measures'!$V$2:$V$940="Qualitative"))>0,"Quantitative and Qualitative","Quantitative"), IF(SUMPRODUCT(('GHG Reduction Measures'!$A$2:$A$940=A43)*('GHG Reduction Measures'!$V$2:$V$940="Qualitative"))>0,"Qualitative","None")))} -> None | L43: Extreme heat; Storms; Wildfire; Air quality | M43: Economic growth; Public health; Air quality; Jobs and workforce | N43: Unspecified
A44: Oklahoma's Priority Action Plan | B44: https://www.epa.gov/system/files/documents/2024-03/oklahoma-cprg-priority-action-plan.pdf | C44: Oklahoma Department of Environmental Quality | D44: Oklahoma | E44: CEJST | F44: N/A | G44: Targeted emails and phone calls to Oklahoma tribal contacts; Tribal only in-person and virtual meetings; Targeted focus groups with known community-based organizations; Community surveys; and Fielded and deployed utilizing Qualtrics; Future steering committee composed of only LIDACs | H44: Engagement plans and metrics; Events and meetings; Surveys; Publicity | I44: Throughout the CPRGOK development process, DEQ coordinated with other entities such as Metropolitan Statistical Areas (MSAs), relevant state, regional, and tribal government representatives. Strong coordination was made possible during virtual meetings and in person meetings, such as a three-day long leadership stakeholder meeting held at DEQ headquarters. Other coordination methods included video-call, phone-call, and email correspondence One of the main actors in DEQ’s outreach plan, was the CPRGOK roadshow. The roadshow consisted of 10 meetings in 9 locations across the state. Each meeting contributed to productive and open conversation between DEQ staff and stakeholders including local residents and businesses, tribal members, city and township staff, universities, and MSAs. | J44: Quantitative and Qualitative | K44: {=IF(SUMPRODUCT(('GHG Reduction Measures'!$A$2:$A$940=A44)*('GHG Reduction Measures'!$V$2:$V$940="Both"))>0,"Quantitative and Qualitative", IF(SUMPRODUCT(('GHG Reduction Measures'!$A$2:$A$940=A44)*('GHG Reduction Measures'!$V$2:$V$940="Quantitative"))>0, IF(SUMPRODUCT(('GHG Reduction Measures'!$A$2:$A$940=A44)*('GHG Reduction Measures'!$V$2:$V$940="Qualitative"))>0,"Quantitative and Qualitative","Quantitative"), IF(SUMPRODUCT(('GHG Reduction Measures'!$A$2:$A$940=A44)*('GHG Reduction Measures'!$V$2:$V$940="Qualitative"))>0,"Qualitative","None")))} -> None | L44: Extreme heat; Flooding; Storms; Drought; Public health and mortality; Economic/productivity losses; Air quality; Cost increases | M44: Economic growth; Jobs and workforce; Affordability and cost savings; Air quality; Public health; Resilience; Other | N44: Cost increases; Job Loss
A45: Climate Pollution Reduction Grants Priority Action Plan for the State of Texas | B45: https://www.epa.gov/system/files/documents/2024-03/texas-pcap.pdf | C45: Texas Commission on Environmental Quality | D45: Texas | E45: CEJST | F45: N/A | G45: State CPRG webpage; Email list; Survey to submit ideas; Meetings across the state with options for in-person, livestream, and video conference participation; Targeted outreach to known community-based organizations; and public input on the draft priority measures. | H45: Stakeholder mapping; Events and meetings; Publicity | I45: TCEQ used existing agency contacts to identify key communities and stakeholders (community groups, regulated entities, council of governments, nongovernmental organizations, and other state agencies). To inform the public and stakeholders, TCEQ created a webpage and email list. These resources will inform interested stakeholders and the community on any updates to CPRG planning activities. Quarterly stakeholder and public meetings will be held with in-person, hybrid, and virtual only options. Additional meetings will be added as needed. TCEQ will also collaborate with other MSAs to expand public outreach, including participation in public meetings hosted by those MSAs to share information and program updates from the state’s perspective. TCEQ will use existing social media and agency marketing campaigns to aid in outreach to a large part of the state. To involve community and stakeholder groups TCEQ plans to seek input from all interested parties. Forms and surveys will be released to identify planning gaps and issues that are most important to Texans | J45: Qualitative | K45: {=IF(SUMPRODUCT(('GHG Reduction Measures'!$A$2:$A$940=A45)*('GHG Reduction Measures'!$V$2:$V$940="Both"))>0,"Quantitative and Qualitative", IF(SUMPRODUCT(('GHG Reduction Measures'!$A$2:$A$940=A45)*('GHG Reduction Measures'!$V$2:$V$940="Quantitative"))>0, IF(SUMPRODUCT(('GHG Reduction Measures'!$A$2:$A$940=A45)*('GHG Reduction Measures'!$V$2:$V$940="Qualitative"))>0,"Quantitative and Qualitative","Quantitative"), IF(SUMPRODUCT(('GHG Reduction Measures'!$A$2:$A$940=A45)*('GHG Reduction Measures'!$V$2:$V$940="Qualitative"))>0,"Qualitative","None")))} -> Qualitative | L45: Unspecified | M45: Jobs and workforce; Affordability and cost savings; Access to and quality of services and amenities; Other; Natural resource conservation and enhancement | N45: Unspecified
A46: West Virginia Priority Energy Action Plan | B46: https://www.epa.gov/system/files/documents/2024-03/wv-priority-energy-action-plan.pdf | C46: West Virginia Office of Energy | D46: West Virginia | E46: CEJST | F46: N/A | G46: Conducted virtual meetings with stakeholders; Communicated transparently with LIDAC and non-LIDAC stakeholders throughout the PEAP planning process; Had various and frequent engagement with these stakeholders; Received and implemented feedback from stakeholders. | H46: Stakeholder mapping; Advisory groups | I46: Series of three public stakeholder focus groups; webinars | J46: Quantitative and Qualitative | K46: {=IF(SUMPRODUCT(('GHG Reduction Measures'!$A$2:$A$940=A46)*('GHG Reduction Measures'!$V$2:$V$940="Both"))>0,"Quantitative and Qualitative", IF(SUMPRODUCT(('GHG Reduction Measures'!$A$2:$A$940=A46)*('GHG Reduction Measures'!$V$2:$V$940="Quantitative"))>0, IF(SUMPRODUCT(('GHG Reduction Measures'!$A$2:$A$940=A46)*('GHG Reduction Measures'!$V$2:$V$940="Qualitative"))>0,"Quantitative and Qualitative","Quantitative"), IF(SUMPRODUCT(('GHG Reduction Measures'!$A$2:$A$940=A46)*('GHG Reduction Measures'!$V$2:$V$940="Qualitative"))>0,"Qualitative","None")))} -> Qualitative | L46: Flooding; Public health and mortality | M46: Jobs and workforce; Affordability and cost savings; Air quality | N46: Cost increases; Job Loss
A47: State of Nevada Priority Climate Action Plan | B47: https://www.epa.gov/system/files/documents/2024-03/state-of-nevada-priority-climate-action-plan.pdf | C47: Nevada Division of Environmental Protection | D47: Nevada | E47: Both | F47: N/A | G47: Conducted hybrid webinars, compiled 6 LIDAC resident one-on-one interviews, hybrid community action workshops with 72 LIDAC resident attendees, specific tribal outreach | H47: Stakeholder mapping; Events and meetings | I47: Hybrid webinars, one on one interviews, pre-engagement summary of findings, questionnaire to gather input and project suggestions, two hybrid community action workshops, technical focus group with local experts and climate action leaders, hybrid public presentation and open comment period on the PCAP | J47: Qualitative | K47: {=IF(SUMPRODUCT(('GHG Reduction Measures'!$A$2:$A$940=A47)*('GHG Reduction Measures'!$V$2:$V$940="Both"))>0,"Quantitative and Qualitative", IF(SUMPRODUCT(('GHG Reduction Measures'!$A$2:$A$940=A47)*('GHG Reduction Measures'!$V$2:$V$940="Quantitative"))>0, IF(SUMPRODUCT(('GHG Reduction Measures'!$A$2:$A$940=A47)*('GHG Reduction Measures'!$V$2:$V$940="Qualitative"))>0,"Quantitative and Qualitative","Quantitative"), IF(SUMPRODUCT(('GHG Reduction Measures'!$A$2:$A$940=A47)*('GHG Reduction Measures'!$V$2:$V$940="Qualitative"))>0,"Qualitative","None")))} -> Qualitative | L47: Extreme heat; Flooding; Storms; Wildfire; Drought; Economic/productivity losses; Air quality; Cost increase | M47: Economic growth; Jobs and workforce; Affordability and cost savings; Air quality; Public health; Resilience; Access to and quality of services and amenities; Capacity-building; Other; Natural resource conservation and enhancement | N47: Unspecified
A48: Nebraska Priority Climate Action Plan | B48: https://www.epa.gov/system/files/documents/2024-03/nebraska-pcap.pdf | C48: Nebraska Department of Environment and Energy | D48: Nebraska | E48: Both | F48: N/A | G48: Strategies for engagement with LIDACs include the following: NDEE CPRG website on main page, email lists, social media, virtual kick-off meeting, press releases for five public meetings, forms for submitting ideas, forms for prioritizing measures, five in-person community meetings across the state, Holding meetings in trusted, easily accessible locations, 10 online meetings (two for each working group), numerous meetings with interested persons and organizations, targeted outreach to community-based organizations, PowerPoints and flyers made available at meetings, key documents translated into Spanish for public meetings, public comment on the draft plan | H48: Events and meetings; Public comment periods; Publicity; Participant accessibility and incentives | I48: NDEE’s outreach plan included a virtual kick-off meeting open to everyone and announced in a press release and on social media. The kick-off meeting included a broad appeal for input, feedback, and participation. That was followed by first-round virtual meetings for each sector. NDEE then held a second round of virtual meetings focused on the five working groups to invite additional ideas and to rank the priority of GHG measures. NDEE reached approximately 500 people through the sector meetings. Following the sector-specific meetings, NDEE’s outreach turned to five in-person public meetings across the state in rural and urban areas. | J48: Qualitative | K48: {=IF(SUMPRODUCT(('GHG Reduction Measures'!$A$2:$A$940=A48)*('GHG Reduction Measures'!$V$2:$V$940="Both"))>0,"Quantitative and Qualitative", IF(SUMPRODUCT(('GHG Reduction Measures'!$A$2:$A$940=A48)*('GHG Reduction Measures'!$V$2:$V$940="Quantitative"))>0, IF(SUMPRODUCT(('GHG Reduction Measures'!$A$2:$A$940=A48)*('GHG Reduction Measures'!$V$2:$V$940="Qualitative"))>0,"Quantitative and Qualitative","Quantitative"), IF(SUMPRODUCT(('GHG Reduction Measures'!$A$2:$A$940=A48)*('GHG Reduction Measures'!$V$2:$V$940="Qualitative"))>0,"Qualitative","None")))} -> Qualitative | L48: Extreme heat; Flooding; Storms; Drought; Public health and mortality; Economic/productivity losses; Air quality; Cost increases | M48: Economic growth; Jobs and workforce; Affordability and cost savings; Air quality; Public health | N48: Unspecified
A49: Peach State Voluntary Emission Reduction Plan | B49: https://www.epa.gov/system/files/documents/2024-03/georgia_psverp.pdf | C49: Georgia Department of Natural Resources Environmental Protection Division | D49: Georgia | E49: CEJST | F49: N/A | G49: Hosted 2/3 in person meetings in LIDACs, translated survey into Spanish | H49: Events and meetings; Participant accessibility and incentives | I49: Formed several regional committees to provide local input on measures; engaged the public through in person events, virtual meetings, online survey, and one on one stakeholder meetings | J49: Qualitative | K49: {=IF(SUMPRODUCT(('GHG Reduction Measures'!$A$2:$A$940=A49)*('GHG Reduction Measures'!$V$2:$V$940="Both"))>0,"Quantitative and Qualitative", IF(SUMPRODUCT(('GHG Reduction Measures'!$A$2:$A$940=A49)*('GHG Reduction Measures'!$V$2:$V$940="Quantitative"))>0, IF(SUMPRODUCT(('GHG Reduction Measures'!$A$2:$A$940=A49)*('GHG Reduction Measures'!$V$2:$V$940="Qualitative"))>0,"Quantitative and Qualitative","Quantitative"), IF(SUMPRODUCT(('GHG Reduction Measures'!$A$2:$A$940=A49)*('GHG Reduction Measures'!$V$2:$V$940="Qualitative"))>0,"Qualitative","None")))} -> Qualitative | L49: Unspecified | M49: Jobs and workforce; Affordability and cost savings; Air quality; Resilience; Other | N49: Unspecified

Sheet Other Plan Elements
A1: PCAP Title | B1: PCAP Link | C1: Lead Organization | D1: State | E1: CAP Analysis? | F1: CAPs Analysis Page Number (PCAP pg. X-Y) | G1: HAP Analysis Included? | H1: HAPs Analysis Page Number (PCAP pg. X-Y) | I1: Workforce Analysis Included? | J1: Workforce Analysis Page Number (PCAP pg. X-Y)
A3: Louisiana Climate Action Plan | B3: https://doa.louisiana.gov/media/y2xdrb22/louisiana-priority-climate-action-plan.pdf | C3: Louisiana Division of Administration | D3: Louisiana | E3: Quantitative | F3: PDF pg. 142-145 | G3: Quantitative | H3: PCAP pg. 142-145 | I3: No | J3: N/A
A4: Tennessee Volunteer Emissions Reduction Strategy | B4: https://www.epa.gov/system/files/documents/2024-02/tn-pcap.pdf | C4: Tennessee Department of Environment and Conservation | D4: Tennessee | E4: Quantitative and Qualitative | F4: PCAP pg. 34-43 | G4: Quantitative and Qualitative | H4: PCAP pg. 34-43 | I4: No | J4: N/A
A5: Missouri Plan for Environmental Improvement Grants | B5: https://www.epa.gov/system/files/documents/2024-02/missouri-plan-for-environmental-improvement-grants.pdf | C5: Missouri Department of Natural Resources | D5: Missouri | E5: None | F5: N/A | G5: None | H5: N/A | I5: No | J5: N/A
A6: Kansas Emission Reduction and Mitigation Plan | B6: https://www.epa.gov/system/files/documents/2024-02/kansas-pcap.pdf | C6: Kansas Department of Health and Environment | D6: Kansas | E6: None | F6: N/A | G6: None | H6: N/A | I6: No | J6: N/A
A7: Oregon's Priority Climate Action Plan | B7: https://www.epa.gov/system/files/documents/2024-02/oregon-cprg-pcap.pdf | C7: Oregon Department of Environmental Quality | D7: Oregon | E7: Quantitative | F7: PCAP pg. 55 | G7: Quantitative | H7: N/A | I7: Yes | J7: PCAP pg. 17-20, 24, 26, 28, 30, 36, 38, 41, 44, 46, 49, 51
A8: Climate Pollution Reduction Grant Priority Climate Action Plan | B8: https://www.epa.gov/system/files/documents/2024-02/vermont-cprg-priority-climate-action-plan.pdf | C8: Vermont Agency of Natural Resources, Department of Environmental Conservation | D8: Vermont | E8: Quantitative | F8: PCAP pg. 74-76 | G8: Quantitative | H8: N/A | I8: Yes | J8: PCAP pg. 86-88
A9: Priority Climate Action Plan (PCAP) | B9: https://www.epa.gov/system/files/documents/2024-02/washington-cprg-pcap.pdf | C9: Washington State Department of Commerce | D9: Washington | E9: None | F9: N/A | G9: None | H9: N/A | I9: Yes | J9: PCAP pg. 59-61
A10: State of Alaska Priority Sustainable Energy Action Plan | B10: https://www.epa.gov/system/files/documents/2024-03/ak-priority-sustainable-energy-plan.pdf | C10: Alaska Department of Environmental Management | D10: Alaska | E10: None | F10: N/A | G10: None | H10: N/A | I10: Yes | J10: PCAP pg. 55-61
A11: Massachusetts Priority Climate Action Plan | B11: https://www.epa.gov/system/files/documents/2024-03/massachusetts-pcap.pdf | C11: Massachusetts Department of Transportation | D11: Massachusetts | E11: Quantitative | F11: PCAP pg. 81-82 | G11: Quantitative | H11: N/A | I11: Yes | J11: PCAP pg. 85-87
A12: EPA Climate Pollution Reduction Grant Planning Grant First Deliverable: A Priority Climate Action Plan | B12: https://www.epa.gov/system/files/documents/2024-03/connecticut-state-pcap.pdf | C12: Department of Energy and Environmental Protection State of Connecticut | D12: Connecticut | E12: Quantitative | F12: PCAP pg. 26-28 | G12: None | H12: N/A | I12: No | J12: N/A
A13: Michigan Department of Environment, Great Lakes, and Energy | B13: https://www.epa.gov/system/files/documents/2024-03/michigan-egle-pcap.pdf | C13: Michigan Department of Environment, Great Lakes, and Energy | D13: Michigan | E13: None | F13: N/A | G13: None | H13: N/A | I13: Yes | J13: PCAP pg. 59-60
... A49: Peach State Voluntary Emission Reduction Plan | B49: https://www.epa.gov/system/files/documents/2024-03/georgia_psverp.pdf | C49: Georgia Department of Natural Resources Environmental Protection Division | D49: Georgia | E49: Quantitative and Qualitative | F49: PCAP pg. 46-49 | G49: None | H49: N/A | I49: No | J49: N/A

Sheet Lists
A1: List of Sectors | C1: Measure Types by Sector | D1: List of Measure Types | F1: Quantification Tools | G1: Count | I1: MSAs and States | K1: Approach Status | M1: Level of Funding Source Description | O1: Yes/No | Q1: GWP | S1: Quantified? | U1: Equity tool used
A2: Electricity | C2: Electricity | D2: Achieve clean or renewable energy goals | F2: AFLEET | G2: =COUNTIF('GHG Reduction Measures'!$T$2:$T$726,Lists!F2)+COUNTIF('GHG Reduction Measures'!$U$2:$U$726,Lists!F2) -> 14 | I2: Albany-Schenectady-Troy, NY | K2: Planned | M2: Measure | O2: Yes | Q2: AR3 | S2: None | U2: EJScreen
A3: Commercial and residential buildings | C3: Electricity AND Commercial and residential buildings; Electricity AND Industry | D3: Increase deployment of distributed renewables | F3: Custom-built tool | G3: =COUNTIF('GHG Reduction Measures'!$T$2:$T$726,Lists!F3)+COUNTIF('GHG Reduction Measures'!$U$2:$U$726,Lists!F3) -> 162 | I3: Albuquerque, NM | K3: Ongoing | M3: Sector | O3: No | Q3: AR4 | S3: Quantitative | U3: CEJST
A4: Industry | C4: Electricity | D4: Develop transmission and distribution infrastructure | F4: Energy Policy Simulator | G4: =COUNTIF('GHG Reduction Measures'!$T$2:$T$726,Lists!F4)+COUNTIF('GHG Reduction Measures'!$U$2:$U$726,Lists!F4) -> 143 | I4: Allentown-Bethlehem-Easton, PA-NJ | K4: Completed | M4: Overall | Q4: AR5 | S4: Qualitative | U4: Both
A5: Transportation | C5: Electricity | D5: Facilitate community choice aggregation programs | F5: LEAP | G5: =COUNTIF('GHG Reduction Measures'!$T$2:$T$726,Lists!F5)+COUNTIF('GHG Reduction Measures'!$U$2:$U$726,Lists!F5) -> 2 | I5: Atlanta-Sandy Springs-Alpharetta, GA | Q5: AR6 | S5: Quantitative and Qualitative | U5: No
A6: Waste and materials management | C6: Electricity | D6: Support development or expansion of community solar programs | F6: CO2Sight (including IPM)​ | G6: =COUNTIF('GHG Reduction Measures'!$T$2:$T$726,Lists!F6)+COUNTIF('GHG Reduction Measures'!$U$2:$U$726,Lists!F6) -> 3 | I6: Austin-Round Rock, TX | Q6: Multiple
A7: Agriculture | C7: Electricity; Industry | D7: Deploy carbon capture and/or sequestration technology | F7: EPA WARM | G7: =COUNTIF('GHG Reduction Measures'!$T$2:$T$726,Lists!F7)+COUNTIF('GHG Reduction Measures'!$U$2:$U$726,Lists!F7) -> 16 | I7: Bakersfield, CA | Q7: Unspecified
A8: Natural and working lands | C8: Electricity | D8: Use district geothermal, cogeneration, or waste heat recovery | F8: EPA AVERT | G8: =COUNTIF('GHG Reduction Measures'!$T$2:$T$726,Lists!F8)+COUNTIF('GHG Reduction Measures'!$U$2:$U$726,Lists!F8) -> 40 | I8: Baltimore-Columbia-Towson, MD
A9: Cross-cutting | C9: Electricity | D9: Use cleaner fuels for power generation | F9: EPA GHG Equivalencies Calculator | G9: =COUNTIF('GHG Reduction Measures'!$T$2:$T$726,Lists!F9)+COUNTIF('GHG Reduction Measures'!$U$2:$U$726,Lists!F9) -> 8 | I9: Baton Rouge, LA
C10: Electricity | D10: Maintain or expand nuclear energy generation | F10: Unspecified | G10: =COUNTIF('GHG Reduction Measures'!$T$2:$T$726,Lists!F10)+COUNTIF('GHG Reduction Measures'!$U$2:$U$726,Lists!F10) -> 46 | I10: Birmingham-Hoover, AL
C11: Electricity | D11: Develop microgrids | F11: Energy Systems Simulator Model | G11: =COUNTIF('GHG Reduction Measures'!$T$2:$T$726,Lists!F11)+COUNTIF('GHG Reduction Measures'!$U$2:$U$726,Lists!F11) -> 3 | I11: Boston-Cambridge-Newton, MA-NH
C12: Electricity | D12: Develop energy storage systems | F12: Waste Impact Calculator | G12: =COUNTIF('GHG Reduction Measures'!$T$2:$T$726,Lists!F12)+COUNTIF('GHG Reduction Measures'!$U$2:$U$726,Lists!F12) -> 1 | I12: Bowling Green KY
C13: Electricity | D13: Expand utility-scale renewable energy generation | F13: EPA DEQ | G13: =COUNTIF('GHG Reduction Measures'!$T$2:$T$726,Lists!F13)+COUNTIF('GHG Reduction Measures'!$U$2:$U$726,Lists!F13) -> 8 | I13: Bridgeport-Stamford-Norwalk, CT
C14: Electricity | D14: Use more efficient fossil-fuel generation technology | F14: EPA MOVES | G14: =COUNTIF('GHG Reduction Measures'!$T$2:$T$726,Lists!F14)+COUNTIF('GHG Reduction Measures'!$U$2:$U$726,Lists!F14) -> 34 | I14: Buffalo-Cheektowaga, NY
C15: Electricity | D15: Create a cap-and-trade or carbon tax program | F15: EMFAC | G15: =COUNTIF('GHG Reduction Measures'!$T$2:$T$726,Lists!F15)+COUNTIF('GHG Reduction Measures'!$U$2:$U$726,Lists!F15) -> 2 | I15: Cedar Rapids, IA
C16: Transportation | D16: Deploy lower-emitting locomotives | F16: CCI Quantification, Benefits, and Reporting Materials | G16: =COUNTIF('GHG Reduction Measures'!$T$2:$T$726,Lists!F16)+COUNTIF('GHG Reduction Measures'!$U$2:$U$726,Lists!F16) -> 1 | I16: Charlotte-Concord-Gastonia, NC-SC
C17: Transportation | D17: Increase the deployment of electric vehicles | F17: COMET-Planner | G17: =COUNTIF('GHG Reduction Measures'!$T$2:$T$726,Lists!F17)+COUNTIF('GHG Reduction Measures'!$U$2:$U$726,Lists!F17) -> 7 | I17: Chicago-Naperville-Elgin, IL-IN-WI
C18: Transportation | D18: Expand public transit | F18: Clean Mobility Quantification Methodology | G18: =COUNTIF('GHG Reduction Measures'!$T$2:$T$726,Lists!F18)+COUNTIF('GHG Reduction Measures'!$U$2:$U$726,Lists!F18) -> 4 | I18: Cincinnati, OH-KY-IN
C19: Transportation | D19: Increase active transportation | F19: EPA GLIMPSE | G19: =COUNTIF('GHG Reduction Measures'!$T$2:$T$726,Lists!F19)+COUNTIF('GHG Reduction Measures'!$U$2:$U$726,Lists!F19) -> 11 | I19: Cleveland-Elyria, OH
C20: Transportation | D20: Electrify or increase efficiency of non-road transportation | F20: Caret-EV | G20: =COUNTIF('GHG Reduction Measures'!$T$2:$T$726,Lists!F20)+COUNTIF('GHG Reduction Measures'!$U$2:$U$726,Lists!F20) -> 1 | I20: Columbia, SC
C21: Transportation | D21: Provide shore power to docked boats | F21: HDVEC | G21: =COUNTIF('GHG Reduction Measures'!$T$2:$T$726,Lists!F21)+COUNTIF('GHG Reduction Measures'!$U$2:$U$726,Lists!F21) -> 1 | I21: Columbus, OH
... C51: Natural and working lands; Waste and materials management | D51: Increase thermal biomass conversion | F51: MEASUR | G51: =COUNTIF('GHG Reduction Measures'!$T$2:$T$726,Lists!F51)+COUNTIF('GHG Reduction Measures'!$U$2:$U$726,Lists!F51) -> 1 | I51: North Port-Sarasota-Bradenton, FL
C52: Natural and working lands | D52: Manage or restore grasslands for carbon sequestration | I52: Oklahoma City, OK
C53: Natural and working lands | D53: Preserve or expand wetlands | I53: Omaha-Council Bluffs, NE-IA
C54: Agriculture | D54: Improve livestock management | I54: Orlando-Kissimmee-Sanford, FL
C55: Agriculture | D55: Adopt soil or land management practices to sequester carbon | I55: Oxnard-Thousand Oaks-Ventura, CA
C56: Agriculture | D56: Adopt soil management practices to reduce GHG emissions | I56: Philadelphia-Camden-Wilmington, PA-NJ-DE-MD
C57: Agriculture | D57: Reduce agricultural fuel emissions | I57: Phoenix-Mesa-Chandler, AZ
C58: Waste and materials management | D58: Increase recycling | I58: Pittsburgh, PA
C59: Waste and materials management | D59: Reduce food/organic waste | I59: Portland-Vancouver-Hillsboro, OR-WA
C60: Waste and materials management | D60: Reduce nonfood waste
C61: Waste and materials management | D61: Increase capture and/or utilization of gas from landfills
C62: Waste and materials management | D62: Increase waste-to-energy
C63: Waste and materials management | D63: Increase anaerobic digestion | I63: Providence-Warwick, RI-MA
C64: Waste and materials management | D64: Reduce emissions from wastewater treatment facilities | I64: Raleigh-Cary, NC
C65: Waste and materials management | D65: Increase composting | I65: Rapid City SD
C66: Waste and materials management | D66: Increase capture and/or utilization of gas from anaerobic digestion | I66: Richmond, VA
C67: Waste and materials management | D67: Develop analytical and planning tools for materials management | I67: Riverside-San Bernardino-Ontario, CA
C68: Industry | D68: Improve industrial energy efficiency | I68: Rochester, NY
C69: Industry | D69: Improve chemical and/or process efficiency | I69: Sacramento-Roseville-Folsom, CA
C70: Industry | D70: Reduce fugitive emissions | I70: Salt Lake City, UT
C71: Industry | D71: Electrify industrial processes | I71: San Antonio-New Braunfels, TX
C72: Industry | D72: Manufacture low carbon fuels | I72: San Diego-Chula Vista-Carlsbad, CA
C73: Choose relevant sector, works for all sectors | D73: Utilize low embodied carbon materials | I73: San Francisco-Oakland-Berkeley, CA
C74: Choose relevant sector, works for all sectors | D74: Develop green workforce | I74: San Jose-Sunnyvale-Santa Clara, CA
C75: Choose relevant sector, works for all sectors | D75: Education and engagement | I75: San Juan-Bayamon-Caguas, PR
I76: Seattle-Tacoma-Bellevue, WA
I77: St. Louis, MO-IL
I78: Tampa-St. Petersburg-Clearwater, FL
I79: Tucson, AZ
I80: Tulsa, OK
I81: Urban Honolulu, HI
I82: Virginia Beach-Norfolk-Newport News, VA-NC
I83: Worcester, MA-CT
I84: Cheyenne, WY
I85: Stockton, CA
I86: Charleston, SC
I87: Alabama
... I132: Wisconsin
